Workbook
Name Excel_BuiltIn_Print_Area_1: #REF!
Name Excel_BuiltIn_Print_Area_1: #REF!
Name Excel_BuiltIn_Print_Area_1: #REF!
Name Excel_BuiltIn_Print_Area_1: #REF!
Name Excel_BuiltIn_Print_Area_1: #REF!
Name Excel_BuiltIn_Print_Area_1: #REF!
Name Excel_BuiltIn_Print_Area_1: #REF!
Name NB1_: 'NOTE DE CADRAGE'!$C$40:$C$54
Name NBLISTE: 'NOTE DE CADRAGE'!$C$40:$C$54
Name OBJECTIF: DATA!$A$2:$E$50
Name SPECIALITE: 'NOTE DE CADRAGE'!$A$47:$A$51
Name Taches: 'TACHES PREV'!$A$35:$L$52

Sheet DOSSIER
A1: DOSSIER DE PROJET | H1: EVALUATION CONDUITE DE PROJET
A2: Ce formulaire permet la saisie des éléments propres à l'équipe et à l'impression des documents pour validation académique. Le contrat individuel permet de saisir par candidat les contrats, qu'il vous faut ensuite copier dans un autre onglet, ou classeur groupe etc... Il pourrait être envisagé la création d'un répertoire par groupe, dans lequel serait sauvegardé un fichier par élève avec les onglets taches, contrat, évaluation spécialité, évaluation présentation, ainsi qu'une grille de suivi individuel en cours de projet et à compléter au fur et à mesure par le professeur (évaluation formative)
H11: EVALUATION PRESENTATION DU PROJET

Sheet IDENTIFICATION
C1: FICHE IDENTIFICATION DU PROJET
A3: Etablissement : | D3: Paul Emile Victor - CHAMPAGNOLE | L3: SESSION | N3: 2017
A4: Référence projet : | D4: P15
A5: Nombre d'élèves : | D5: 3
C7: Nom | G7: Prénom | J7: Spécialité
A8: =IF($D$5>=1,"Elève 1","") -> Elève 1 | C8: AA | G8: AAA | J8: AC
A9: =IF($D$5>=2,"Elève 2","") -> Elève 2 | C9: BB | G9: BBB | J9: EE
A10: =IF($D$5>=3,"Elève 3","") -> Elève 3 | C10: sddffdgdffdgfgfdgfg | G10: xffdfgfdfdsffd | J10: ITEC
A11: =IF($D$5>=4,"Elève 4","")
A12: =IF($D$5>=5,"Elève 5","")
A15: Professeurs référents : | E15: prof1; prof2; prof3; prof …
A17: UTILISATION DU FICHIER EXCEL 1 - compléter la fiche ci-dessus pour chacun des items (le report est automatique dans les autres onglets). 2 - Compléter la note de cadrage, les taches prévisionnelles. 3 - Saisir le contrat prévisionnel pour un candidat, et copier ce fichier excel dans un répertoire EQUIPE P1 à PXX, en ayant pris soin au préalable de supprimer les onglets de la fiche d'évaluation spécifique aux spécialités, sauf celle du candidat. 4 - La modification des taches et des contrats des élèves, au fur et à mesure du déroulement du projet se fera dans le classeur de l'équipe au fur et à mesure. En résumé : vous devez avoir par équipe, un répertoire avec le fichier excel d'origine (fichier de l'équipe), un fichier excel individuel propre à chacun des co-équipiers adapté à la spécialité et les évaluations correspondantes. Cette opération est à répéter pour chacun des équipiers du projet.
A47: DATA
A48: GROUPE | B48: NB | C48: NB1 | D48: ETABLISSEMENT | J48: Référence projet | M48: SESSION
A49: A | B49: ? | C49: ? | D49: ? | J49: ? | M49: ?
A50: B | B50: 3 | C50: 1 | D50: Victor Hugo - BESANCON | J50: P1 | M50: 2016
A51: C | B51: 4 | C51: 2 | D51: Jules Haag - BESANCON | J51: P2 | M51: 2017
A52: D | B52: 5 | C52: 3 | D52: Jules Viette - MONTBELIARD | J52: P3 | M52: 2018
A53: E | C53: 4 | D53: Edgar Faure - MORTEAU | J53: P4 | M53: 2019
C54: 5 | D54: Paul Emile Victor - CHAMPAGNOLE | J54: P5 | M54: 2020
A55: SPECIALITE | C55: 6 | D55: Jacques Duhamel - DOLE | J55: P6 | M55: 2021
A56: ? | C56: 7 | D56: Victor Bérard - MOREZ | J56: P7 | M56: 2022
A57: AC | C57: 8 | D57: Du Bois - MOUCHARD | J57: P8 | M57: 2023
A58: EE | C58: 9 | D58: Pré Saint Sauveur - ST CLAUDE | J58: P9 | M58: 2024
A59: ITEC | C59: 10 | D59: Augustin Cournot - GRAY | J59: P10
A60: SIN | C60: 11 | D60: Louis Aragon - HERICOURT | J60: P11
C61: 12 | D61: Edouard Belin - VESOUL | J61: P12
C62: 13 | D62: Raoul Follereau - BELFORT | J62: P13
C63: 14 | D63: Pierre Adrien Paris - BESANCON | J63: P14
C64: 15 | D64: Saint-Paul - BESANCON | J64: P15
J65: P16
J66: P17
J67: P18
J68: P19
J69: P20

Sheet NOTE DE CADRAGE
A1: Etablissement : | B1: =IDENTIFICATION!D3 -> Paul Emile Victor - CHAMPAGNOLE | I1: Réf Projet : | J1: =IDENTIFICATION!$D$4 -> P15 | K1: Session | L1: =IDENTIFICATION!$N$3 -> 2017
A2: Spécialités : | B2: =IDENTIFICATION!J8 -> AC | C2: =IDENTIFICATION!J9 -> EE | D2: =IDENTIFICATION!J10 -> ITEC | E2: =IDENTIFICATION!J11 -> 0 | F2: =IDENTIFICATION!J12 -> 0
A3: Enseignants responsables : | B3: =IDENTIFICATION!E15 -> prof1; prof2; prof3; prof … | K3: Nombre d'élèves | L3: =IDENTIFICATION!$D$5 -> 3
A4: La présente fiche est établie en vue de la validation des projets au niveau académique, en début d’année de classe terminale. Elle est insérée en première page du dossier de projet de l'élève, et accompagnée d'un document précisant la répartition prévisionnelle des tâches, le contrat individuel de chacun, la description fonctionnelle du support du projet à conduire au format SysMl. Le projet présenté est celui sur lequel est évalué le candidat dans le cadre de l’épreuve de projet en enseignement spécifique à la spécialité. Il est prévu pour être conduit en 70 heures environ.
A6: Intitulé du projet :
A7: MON INTITULE DE PROJET
A9: Origine de la proposition
A12: Énoncé général du besoin
A13: Il s'agit de décrire le besoin sous la forme d'un court paragraphe afin d'expliciter de façon la plus exhaustive possible les enjeux, les relations, entre les contextes et les utilisateurs, les utilisations attendues, les performances souhaitées.
A19: Descriptions annexes : | C19: (Indiquer les diagrammes SysMl compléments de description du besoin et du projet - en annexes)
A21: Contraintes imposées au projet | E21: Partenariat : Matériels à disposition : Coûts : Autres :
E22: Coûts :
E23: Matériels :
E24: Autres :
A25: Énoncé du besoin pour la partie du projet confiée à chaque groupe (si le projet doit être réparti sur 2 groupes) | E25: Groupe 1
E26: Groupe 2
A27: Compétences à valider dans le cadre de la production finale attendue (ne pas compléter) | E27: Conduite du projet : (Le détail des attendus est à inscrire dans le contrat) Imaginer une solution, répondre à un besoin. Valider des solutions techniques. Gérer la vie du produit.
E30: Présentation du projet : (Le détail des attendus est à inscrire dans le contrat) Caractériser des systèmes privilégiant un usage raisonné du point de vue développement durable. Identifier les éléments permettant la limitation de l'impact environnemental d'un système et de ses constituants. Communiquer une idée, un principe ou une solution technique, un projet. Valider des solutions techniques.
A34: Visa du chef d’établissement | E34: Nom, prénom : | J34: Signature :
A38: DATA
A39: GROUPE | B39: NB | C39: NB1 | D39: ETABLISSEMENT | J39: Référence projet
A40: A | B40: 3 | C40: 1 | D40: Victor Hugo - BESANCON | J40: P1
A41: B | B41: 4 | C41: 2 | D41: Jules Haag - BESANCON | J41: P2
A42: C | B42: 5 | C42: 3 | D42: Jules Viette - MONTBELIARD | J42: P3
A43: D | C43: 4 | D43: Edgar Faure - MORTEAU | J43: P4
A44: E | C44: 5 | D44: Paul Emile Victor - CHAMPAGNOLE | J44: P5
C45: 6 | D45: Jacques Duhamel - DOLE | J45: P6
A46: SPECIALITE | C46: 7 | D46: Victor Bérard - MOREZ | J46: P7
A47: ? | C47: 8 | D47: Du Bois - MOUCHARD | J47: P8
A48: AC | C48: 9 | D48: Pré Saint Sauveur - ST CLAUDE | J48: P9
A49: EE | C49: 10 | D49: Augustin Cournot - GRAY | J49: P10
A50: ITEC | C50: 11 | D50: Louis Aragon - HERICOURT | J50: P11
A51: SIN | C51: 12 | D51: Edouard Belin - VESOUL | J51: P12
C52: 13 | D52: Raoul Follereau - BELFORT | J52: P13
C53: 14 | D53: Pierre Adrien Paris - BESANCON | J53: P14
C54: 15 | D54: SAINT PAUL - BESANCON | J54: P15
C55: 16 | J55: P16
C56: 17 | J56: P17
C57: 18 | J57: P18
C58: 19 | J58: P19
C59: 20 | J59: P20

Sheet TACHES PREV
A4: DATA
A5: GROUPE | B5: NB | C5: NB1 | D5: ETABLISSEMENT | I5: Compétences | J5: Référence projet
A6: A | B6: 3 | C6: 1 | D6: Victor Hugo - BESANCON | I6: CO7.1 | J6: P1
A7: B | B7: 4 | C7: 2 | D7: Jules Haag - BESANCON | I7: CO7.2 | J7: P2
A8: C | B8: 5 | C8: 3 | D8: Jules Viette - MONTBELIARD | I8: CO7.3 | J8: P3
A9: D | C9: 4 | D9: Edgar Faure - MORTEAU | I9: CO7.4 | J9: P4
A10: E | C10: 5 | D10: Paul Emile Victor - CHAMPAGNOLE | I10: CO8.1 | J10: P5
C11: 6 | D11: Jacques Duhamel - DOLE | I11: CO8.2 | J11: P6
A12: SPECIALITE | D12: Victor Bérard - MOREZ | I12: CO8.3 | J12: P7
A13: AC | D13: Du Bois - MOUCHARD | I13: CO8.4 | J13: P8
A14: EE | D14: Pré Saint Sauveur - ST CLAUDE | I14: C09.1 | J14: P9
A15: ITEC | D15: Augustin Cournot - GRAY | I15: C09.2 | J15: P10
A16: SIN | D16: Louis Aragon - HERICOURT | I16: C09.3 | J16: P11
D17: Edouard Belin - VESOUL | I17: C09.4 | J17: P12
D18: Raoul Follereau - BELFORT | J18: P13
D19: Pierre Adrien Paris - BESANCON | J19: P14
D20: SAINT PAUL - BESANCON | J20: P15
J21: P16
J22: P17
J23: P18
J24: P19
J25: P20
F32: EQUIPE PROJET : | J32: =IDENTIFICATION!$D$4 -> P15 | L32: Spécialité | O32: =IDENTIFICATION!J8 -> AC | P32: =IDENTIFICATION!J9 -> EE | Q32: =IDENTIFICATION!J10 -> ITEC | R32: =IDENTIFICATION!J11 -> 0 | S32: =IDENTIFICATION!J12 -> 0
O33: =SUM(O35:O52) -> 70 | P33: =SUM(P35:P52) -> 18 | Q33: =SUM(Q35:Q52) -> 3 | R33: =SUM(R35:R52) -> 12 | S33: =SUM(S35:S52) -> 0
A34: Taches | B34: Répartition des taches pour l'équipe, par élève. Les taches précisent les études, les productions à mener pour mettre en place et expliciter les solutions technologiques en réponse aux besoins. Il sera précisé la durée par candidat, et si la tache concerne toute l'équipe, une partie de l'équipe. Chaque tache permettra de découper le projet en sous ensemble interdépendant et favorisant le travail collaboratif. | N34: Durée (H) | O34: Elève 1 | P34: Elève 2 | Q34: Elève 3 | R34: Elève 4 | S34: Elève 5
A35: 1 | B35: Ex : Analyser le besoin exprimé par le Maitre d'ouvrage et le valider | N35: 12 | O35: 3 | P35: 3 | Q35: 3 | R35: 3
A36: 2 | B36: Ex: Identifier les contraintes spécifiques de la structure bois | N36: 12 | P36: 6 | R36: 6
A37: 3 | B37: Ex : Proposer un inventaire des solutions possible pour l'isolation | N37: 4 | P37: 4
A38: 4 | B38: EX: valider les choix à l'aide d'une mesure sur matériaux réels | N38: 2 | P38: 2
A39: 5 | B39: EX : Réaliser un prototype de la fonction xx | N39: 8 | O39: 2 | P39: 3 | R39: 3
A40: 6 | B40: TACHE 6 | O40: 65
A41: 7 | B41: TACHE 7
A42: 8 | B42: TACHE 8
A43: 9 | B43: TACHE 9
A44: 10 | B44: TACHE 10
A45: 11 | B45: ex : Préparer les bons de commandes
A46: 12 | B46: TACHE 12
A47: 13 | B47: TACHE 13
A48: 14 | B48: TACHE 14
A49: 15 | B49: TACHE 15
A50: 16 | B50: TACHE 16
A51: 17 | B51: TACHE 17
A52: 18 | B52: TACHE 18
A55: Calendrier : | C55: Préciser approximativement les revues de projets imposées, la remise des dossiers, les phases du projet
A57: Sept | C57: Oct | E57: Nov | G57: Déc | I57: Jan | K57: Févr | M57: Mars | O57: Avril | Q57: Mai | S57: Juin
A58: Lancement | R58: Présentation
A68: ?
A69: AC
A70: EE
A71: ITEC
A72: SIN

Sheet CONTRAT PREV
A2: Etablissement : | D2: =IDENTIFICATION!D3 -> Paul Emile Victor - CHAMPAGNOLE | L2: Candidat | Q2: Session | S2: =IDENTIFICATION!N3 -> 2017
A3: Spécialité : | D3: =IF(K3=1,IDENTIFICATION!J8,IF('CONTRAT PREV'!K3=2,IDENTIFICATION!J9,IF('CONTRAT PREV'!K3=3,IDENTIFICATION!J10,IF(K3=4,IDENTIFICATION!J11,IF('CONTRAT PREV'!K3=5,IDENTIFICATION!J12,""))))) -> AC | F3: Elève | G3: saisir le numéro de l'élève | K3: 1 | L3: =IF(K3=1,IDENTIFICATION!C8,IF('CONTRAT PREV'!K3=2,IDENTIFICATION!C9,IF('CONTRAT PREV'!K3=3,IDENTIFICATION!C10,IF(K3=4,IDENTIFICATION!C11,IF('CONTRAT PREV'!K3=5,IDENTIFICATION!C12,""))))) -> AA | Q3: Réf projet : | S3: =IDENTIFICATION!D4 -> P15
A4: Enseignants responsables : | D4: =IDENTIFICATION!E15 -> prof1; prof2; prof3; prof … | L4: =IF(K3=1,IDENTIFICATION!G8,IF('CONTRAT PREV'!K3=2,IDENTIFICATION!G9,IF('CONTRAT PREV'!K3=3,IDENTIFICATION!G10,IF(K3=4,IDENTIFICATION!G11,IF('CONTRAT PREV'!K3=5,IDENTIFICATION!G12,""))))) -> AAA | Q4: Nombre d'élèves | S4: =IDENTIFICATION!D5 -> 3
A5: Intitulé : | D5: ='NOTE DE CADRAGE'!$A$7 -> MON INTITULE DE PROJET
A7: Mise en relation des taches et des compétences à valider dans le cadre de la conduite de projet et dans le cadre de la présentation du projet. Ces taches sont à reprendre par candidat dans la répartition des taches prévisionnelles. RQ : les compétences sont identifiées par les spécialités pour la conduite du projet, et par "PR" pour la présentation.
A9: Typologie d'activités et rendus d'activités à privilégier : Note d'analyse du Besoin et des exigences. (textes, diagrammes, paramètres, normes etc.); Comparatifs de solutions et critères de validation du choix retenu (graphiques, principes, représentations, documentations etc.) Description fonctionnelle des solutions (Diagramme, schémas, plan etc.); Note de calcul, protocole d'essais, écart au cahier des charges par simulation etc.); Note de mesurage sur expérimentation des principes, prototype de solution, écart réel / cahier des charges; Elaboration de maquette, éléments de maquette, prototype réel ou numérique. Eléments de communication technique, argumentaires, photos, textes, diaporamas, vidéos etc.
A13: Saisir le numéro de tache dans la colonne de gauche
I14: Choisir la compétence en relation avec la tache | U14: Activités et résultats attendus
A15: 4 | B15: =IF(A15<>"",VLOOKUP(A15,Taches,2,FALSE),"") -> EX: valider les choix à l'aide d'une mesure sur matériaux réels | I15: AC-CO7.1 | K15: =IF(I15<>"",VLOOKUP(I15,OBJECTIF,5,FALSE),"") -> Participer à une étude architecturale dans une démarche de développement durable
A16: 4 | B16: =IF(A16<>"",VLOOKUP(A16,Taches,2,FALSE),"") -> EX: valider les choix à l'aide d'une mesure sur matériaux réels | I16: AC-CO8.2 | K16: =IF(I16<>"",VLOOKUP(I16,OBJECTIF,5,FALSE),"") -> Analyser les résultats issus de simulations ou d'essais de laboratoire
A17: 4 | B17: =IF(A17<>"",VLOOKUP(A17,Taches,2,FALSE),"") -> EX: valider les choix à l'aide d'une mesure sur matériaux réels | K17: =IF(I17<>"",VLOOKUP(I17,OBJECTIF,5,FALSE),"")
A18: 3 | B18: =IF(A18<>"",VLOOKUP(A18,Taches,2,FALSE),"") -> Ex : Proposer un inventaire des solutions possible pour l'isolation | I18: AC-CO7.3 | K18: =IF(I18<>"",VLOOKUP(I18,OBJECTIF,5,FALSE),"") -> Concevoir une organisation de réalisation
B19: =IF(A19<>"",VLOOKUP(A19,Taches,2,FALSE),"") | K19: =IF(I19<>"",VLOOKUP(I19,OBJECTIF,5,FALSE),"")
A20: 18 | B20: =IF(A20<>"",VLOOKUP(A20,Taches,2,FALSE),"") -> TACHE 18 | I20: AC-CO8.3 | K20: =IF(I20<>"",VLOOKUP(I20,OBJECTIF,5,FALSE),"") -> Analyser / valider les choix structurels et de confort
B21: =IF(A21<>"",VLOOKUP(A21,Taches,2,FALSE),"") | K21: =IF(I21<>"",VLOOKUP(I21,OBJECTIF,5,FALSE),"")
A22: 15 | B22: =IF(A22<>"",VLOOKUP(A22,Taches,2,FALSE),"") -> TACHE 15 | I22: AC-CO8.2 | K22: =IF(I22<>"",VLOOKUP(I22,OBJECTIF,5,FALSE),"") -> Analyser les résultats issus de simulations ou d'essais de laboratoire
A23: 1 | B23: =IF(A23<>"",VLOOKUP(A23,Taches,2,FALSE),"") -> Ex : Analyser le besoin exprimé par le Maitre d'ouvrage et le valider | I23: AC-CO9.1 | K23: =IF(I23<>"",VLOOKUP(I23,OBJECTIF,5,FALSE),"") -> Améliorer les performances d'une construction du point de vue énergétique, domotique et informationnel
A24: 4 | B24: =IF(A24<>"",VLOOKUP(A24,Taches,2,FALSE),"") -> EX: valider les choix à l'aide d'une mesure sur matériaux réels | I24: AC-CO7.3 | K24: =IF(I24<>"",VLOOKUP(I24,OBJECTIF,5,FALSE),"") -> Concevoir une organisation de réalisation
A25: 1 | B25: =IF(A25<>"",VLOOKUP(A25,Taches,2,FALSE),"") -> Ex : Analyser le besoin exprimé par le Maitre d'ouvrage et le valider | I25: PR-CO1.1 | K25: =IF(I25<>"",VLOOKUP(I25,OBJECTIF,5,FALSE),"") -> Justifier les choix des matériaux, des structures du système et les énergies mises en œuvre dans une approche de développement durable
A26: 2 | B26: =IF(A26<>"",VLOOKUP(A26,Taches,2,FALSE),"") -> Ex: Identifier les contraintes spécifiques de la structure bois | K26: =IF(I26<>"",VLOOKUP(I26,OBJECTIF,5,FALSE),"")
B27: =IF(A27<>"",VLOOKUP(A27,Taches,2,FALSE),"") | K27: =IF(I27<>"",VLOOKUP(I27,OBJECTIF,5,FALSE),"")
B28: =IF(A28<>"",VLOOKUP(A28,Taches,2,FALSE),"") | K28: =IF(I28<>"",VLOOKUP(I28,OBJECTIF,5,FALSE),"")
B29: =IF(A29<>"",VLOOKUP(A29,Taches,2,FALSE),"") | K29: =IF(I29<>"",VLOOKUP(I29,OBJECTIF,5,FALSE),"")
B30: =IF(A30<>"",VLOOKUP(A30,Taches,2,FALSE),"") | K30: =IF(I30<>"",VLOOKUP(I30,OBJECTIF,5,FALSE),"")
B31: =IF(A31<>"",VLOOKUP(A31,Taches,2,FALSE),"") | K31: =IF(I31<>"",VLOOKUP(I31,OBJECTIF,5,FALSE),"")
B32: =IF(A32<>"",VLOOKUP(A32,Taches,2,FALSE),"") | K32: =IF(I32<>"",VLOOKUP(I32,OBJECTIF,5,FALSE),"")
B33: =IF(A33<>"",VLOOKUP(A33,Taches,2,FALSE),"") | K33: =IF(I33<>"",VLOOKUP(I33,OBJECTIF,5,FALSE),"")
B34: =IF(A34<>"",VLOOKUP(A34,Taches,2,FALSE),"") | K34: =IF(I34<>"",VLOOKUP(I34,OBJECTIF,5,FALSE),"")
A35: TACHES INHERENTES AU PROJET - NON EVALUEES | U35: ACTIVITES AUTRES A FAIRE ( Recherches catalogue, bon de commande …)
A36: 11 | B36: =IF(A36<>"",VLOOKUP(A36,Taches,2,FALSE),"") -> ex : Préparer les bons de commandes | K36: =IF(I36<>"",VLOOKUP(I36,OBJECTIF,5,FALSE),"")
B37: =IF(A37<>"",VLOOKUP(A37,Taches,2,FALSE),"") | K37: =IF(I37<>"",VLOOKUP(I37,OBJECTIF,5,FALSE),"")
B38: =IF(A38<>"",VLOOKUP(A38,Taches,2,FALSE),"") | K38: =IF(I38<>"",VLOOKUP(I38,OBJECTIF,5,FALSE),"")
B39: =IF(A39<>"",VLOOKUP(A39,Taches,2,FALSE),"") | K39: =IF(I39<>"",VLOOKUP(I39,OBJECTIF,5,FALSE),"")
B40: =IF(A40<>"",VLOOKUP(A40,Taches,2,FALSE),"") | K40: =IF(I40<>"",VLOOKUP(I40,OBJECTIF,5,FALSE),"")

Sheet CONDUITE DE PROJET
A1: Identifications
A2: Diplôme : | B2: Baccalauréat technologique "Sciences et Technologie Industrielles du Développement Durable"
A3: Option | B3: =IF('CONTRAT PREV'!K3=1,IDENTIFICATION!J8,IF('CONTRAT PREV'!K3=2,IDENTIFICATION!J9,IF('CONTRAT PREV'!K3=3,IDENTIFICATION!J10,IF(G3=4,IDENTIFICATION!J11,IF('CONTRAT PREV'!K3=5,IDENTIFICATION!J12,""))))) -> AC
A4: Epreuve : | B4: Projet : Evaluation en cours d'année
A5: Coefficient : | B5: 6
A6: Établissement : | B6: =IDENTIFICATION!D3 -> Paul Emile Victor - CHAMPAGNOLE
A7: Session : | B7: =IDENTIFICATION!N3 -> 2017
A8: Nom du candidat : | B8: =IF('CONTRAT PREV'!K3=1,IDENTIFICATION!C8,IF('CONTRAT PREV'!K3=2,IDENTIFICATION!C9,IF('CONTRAT PREV'!K3=3,IDENTIFICATION!C10,IF(G3=4,IDENTIFICATION!C11,IF('CONTRAT PREV'!K3=5,IDENTIFICATION!C12,""))))) -> AA
A9: Prénom du candidat : | B9: =IF('CONTRAT PREV'!K3=1,IDENTIFICATION!G8,IF('CONTRAT PREV'!K3=2,IDENTIFICATION!G9,IF('CONTRAT PREV'!K3=3,IDENTIFICATION!G10,IF(G3=4,IDENTIFICATION!G11,IF('CONTRAT PREV'!K3=5,IDENTIFICATION!G12,""))))) -> AAA
A10: Date de l'évaluation :
A11: Lieu de l'évaluation :
A12: Titre et description sommaire du projet
A13: ='NOTE DE CADRAGE'!A13:L18 -> Il s'agit de décrire le besoin sous la forme d'un court paragraphe afin d'expliciter de façon la plus exhaustive possible les enjeux, les relations, entre les contextes et les utilisateurs, les utilisations attendues, les performances souhaitées.
A14: Travail demandé au candidat
A15: CF CONTRAT INDIVIDUEL DU CANDIDAT
A23: Données fournies au candidat
A24: CF NOTE DE CADRAGE
A32: Résultats obtenus

Sheet EVALUATION AC
A1: ='[1]Identification projet'!B2 -> Baccalauréat technologique "Sciences et Technologie de l'Industrie et du Développement Durable" | D1: ='[1]Identification projet'!B3 -> Architecture et construction | F1: ='[1]Identification projet'!B4 -> Projet technologique : conduite de projet
C2: Nom : | D2: =IF('CONTRAT PREV'!K3=1,IDENTIFICATION!C8,IF('CONTRAT PREV'!K3=2,IDENTIFICATION!C9,IF('CONTRAT PREV'!K3=3,IDENTIFICATION!C10,IF(G3=4,IDENTIFICATION!C11,IF('CONTRAT PREV'!K3=5,IDENTIFICATION!C12,""))))) -> AA
C3: Prénom : | D3: =IF('CONTRAT PREV'!K3=1,IDENTIFICATION!G8,IF('CONTRAT PREV'!K3=2,IDENTIFICATION!G9,IF('CONTRAT PREV'!K3=3,IDENTIFICATION!G10,IF(G3=4,IDENTIFICATION!G11,IF('CONTRAT PREV'!K3=5,IDENTIFICATION!G12,""))))) -> AAA | L3: Poids
A4: Compétences évaluées | C4: Indicateurs d'évaluation Évaluation | D4: non | E4: 0 | F4: 1/3 | G4: 2/3 | H4: 3/3 | J4: Poids | K4: Notes | L4: éval | M4: Note
A5: O7 - Imaginer une solution, répondre à un besoin | J5: 0.4 | K5: =SUM(K6:K16) -> 0 | L5: =SUM(L6:L16) -> 11 | M5: =SUM(M6:M16) -> 0
A6: CO7.1 | B6: Participer à une étude architecturale dans une démarche de développement durable | C6: Le besoin relatif au projet et les fonctions principales sont identifiés et justifiés | I6: =(IF(O6<>1,"◄","")) -> ◄ | J6: 1 | K6: =SUM(M6:M8) -> 0 | L6: =IF(D6<>"",0,J6) -> 1 | M6: =(IF(F6<>"",1/3,0)+IF(G6<>"",2/3,0)+IF(H6<>"",1,0))*J$5*20*L6/SUM(L$6:L$16) -> 0 | O6: =COUNTA(D6:H6) -> 0
C7: Les critères du cahier des charges sont décodés et les principaux points de vigilance relatifs au projet sont identifiés | I7: =(IF(O7<>1,"◄","")) -> ◄ | J7: 1 | L7: =IF(D7<>"",0,J7) -> 1 | M7: =(IF(F7<>"",1/3,0)+IF(G7<>"",2/3,0)+IF(H7<>"",1,0))*J$5*20*L7/SUM(L$6:L$16) -> 0 | O7: =COUNTA(D7:H7) -> 0
C8: La démarche d'analyse du problème est pertinente | I8: =(IF(O8<>1,"◄","")) -> ◄ | J8: 1 | L8: =IF(D8<>"",0,J8) -> 1 | M8: =(IF(F8<>"",1/3,0)+IF(G8<>"",2/3,0)+IF(H8<>"",1,0))*J$5*20*L8/SUM(L$6:L$16) -> 0 | O8: =COUNTA(D8:H8) -> 0
A9: CO7.2 | B9: Proposer / Choisir des solutions techniques répondant aux contraintes et attentes d'une construction | C9: Les moyens conventionnels de représentation des solutions sont correctement utilisés (croquis, schémas, …) | I9: =(IF(O9<>1,"◄","")) -> ◄ | J9: 1 | K9: =SUM(M9:M12) -> 0 | L9: =IF(D9<>"",0,J9) -> 1 | M9: =(IF(F9<>"",1/3,0)+IF(G9<>"",2/3,0)+IF(H9<>"",1,0))*J$5*20*L9/SUM(L$6:L$16) -> 0 | O9: =COUNTA(D9:H9) -> 0
C10: Les contraintes de normes, propriété industrielle, brevets sont identifiées | I10: =(IF(O10<>1,"◄","")) -> ◄ | J10: 1 | L10: =IF(D10<>"",0,J10) -> 1 | M10: =(IF(F10<>"",1/3,0)+IF(G10<>"",2/3,0)+IF(H10<>"",1,0))*J$5*20*L10/SUM(L$6:L$16) -> 0 | O10: =COUNTA(D10:H10) -> 0
C11: Les solutions techniques proposées et les produits innovants choisis sont pertinents des points de vue DD, économique et comportemental | I11: =(IF(O11<>1,"◄","")) -> ◄ | J11: 1 | L11: =IF(D11<>"",0,J11) -> 1 | M11: =(IF(F11<>"",1/3,0)+IF(G11<>"",2/3,0)+IF(H11<>"",1,0))*J$5*20*L11/SUM(L$6:L$16) -> 0 | O11: =COUNTA(D11:H11) -> 0
C12: Les choix sont explicités dans une démarche d'analyse globale de réponse au cahier des charges | I12: =(IF(O12<>1,"◄","")) -> ◄ | J12: 1 | L12: =IF(D12<>"",0,J12) -> 1 | M12: =(IF(F12<>"",1/3,0)+IF(G12<>"",2/3,0)+IF(H12<>"",1,0))*J$5*20*L12/SUM(L$6:L$16) -> 0 | O12: =COUNTA(D12:H12) -> 0
A13: CO7.3 | B13: Concevoir une organisation de réalisation | C13: Le phasage des opérations de réalisation est réaliste, le chemin critique est identifié | I13: =(IF(O13<>1,"◄","")) -> ◄ | J13: 1 | K13: =SUM(M13:M16) -> 0 | L13: =IF(D13<>"",0,J13) -> 1 | M13: =(IF(F13<>"",1/3,0)+IF(G13<>"",2/3,0)+IF(H13<>"",1,0))*J$5*20*L13/SUM(L$6:L$16) -> 0 | O13: =COUNTA(D13:H13) -> 0
C14: Les procédés de mise en œuvre sont choisis et justifiés | I14: =(IF(O14<>1,"◄","")) -> ◄ | J14: 1 | L14: =IF(D14<>"",0,J14) -> 1 | M14: =(IF(F14<>"",1/3,0)+IF(G14<>"",2/3,0)+IF(H14<>"",1,0))*J$5*20*L14/SUM(L$6:L$16) -> 0 | O14: =COUNTA(D14:H14) -> 0
C15: La logistique de réalisation répond aux contraintes techniques et de site du chantier | I15: =(IF(O15<>1,"◄","")) -> ◄ | J15: 1 | L15: =IF(D15<>"",0,J15) -> 1 | M15: =(IF(F15<>"",1/3,0)+IF(G15<>"",2/3,0)+IF(H15<>"",1,0))*J$5*20*L15/SUM(L$6:L$16) -> 0 | O15: =COUNTA(D15:H15) -> 0
C16: Les impacts environnementaux sont identifiés, des solutions de limitation sont proposées | I16: =(IF(O16<>1,"◄","")) -> ◄ | J16: 1 | L16: =IF(D16<>"",0,J16) -> 1 | M16: =(IF(F16<>"",1/3,0)+IF(G16<>"",2/3,0)+IF(H16<>"",1,0))*J$5*20*L16/SUM(L$6:L$16) -> 0 | O16: =COUNTA(D16:H16) -> 0
A17: O8 – Valider des solutions techniques | J17: 0.4 | K17: =SUM(K18:K29) -> 0 | L17: =SUM(L18:L29) -> 12 | M17: =SUM(M18:M29) -> 0
A18: C08.1 | B18: Simuler un comportement structurel, thermique et acoustique de tout ou partie d'une construction | C18: Les variables et les paramètres des modèles sont identifiés | I18: =(IF(O18<>1,"◄","")) -> ◄ | J18: 1 | K18: =SUM(M18:M20) -> 0 | L18: =IF(D18<>"",0,J18) -> 1 | M18: =(IF(F18<>"",1/3,0)+IF(G18<>"",2/3,0)+IF(H18<>"",1,0))*J$17*20*L18/SUM(L$18:L$29) -> 0 | O18: =COUNTA(D18:H18) -> 0
C19: Leurs influences respectives sont identifiées | I19: =(IF(O19<>1,"◄","")) -> ◄ | J19: 1 | L19: =IF(D19<>"",0,J19) -> 1 | M19: =(IF(F19<>"",1/3,0)+IF(G19<>"",2/3,0)+IF(H19<>"",1,0))*J$17*20*L19/SUM(L$18:L$29) -> 0 | O19: =COUNTA(D19:H19) -> 0
C20: Les scénarios de simulation sont identifiés | I20: =(IF(O20<>1,"◄","")) -> ◄ | J20: 1 | L20: =IF(D20<>"",0,J20) -> 1 | M20: =(IF(F20<>"",1/3,0)+IF(G20<>"",2/3,0)+IF(H20<>"",1,0))*J$17*20*L20/SUM(L$18:L$29) -> 0 | O20: =COUNTA(D20:H20) -> 0
A21: CO8.2 | B21: Analyser les résultats issus de simulations ou d'essais de laboratoire | C21: Les conditions de l'essai sont identifiées et justifiées | I21: =(IF(O21<>1,"◄","")) -> ◄ | J21: 1 | K21: =SUM(M21:M25) -> 0 | L21: =IF(D21<>"",0,J21) -> 1 | M21: =(IF(F21<>"",1/3,0)+IF(G21<>"",2/3,0)+IF(H21<>"",1,0))*J$17*20*L21/SUM(L$18:L$29) -> 0 | O21: =COUNTA(D21:H21) -> 0
C22: Les observations et mesures sont rigoureuses | I22: =(IF(O22<>1,"◄","")) -> ◄ | J22: 1 | L22: =IF(D22<>"",0,J22) -> 1 | M22: =(IF(F22<>"",1/3,0)+IF(G22<>"",2/3,0)+IF(H22<>"",1,0))*J$17*20*L22/SUM(L$18:L$29) -> 0 | O22: =COUNTA(D22:H22) -> 0
C23: Les incertitudes sont estimées | I23: =(IF(O23<>1,"◄","")) -> ◄ | J23: 1 | L23: =IF(D23<>"",0,J23) -> 1 | M23: =(IF(F23<>"",1/3,0)+IF(G23<>"",2/3,0)+IF(H23<>"",1,0))*J$17*20*L23/SUM(L$18:L$29) -> 0 | O23: =COUNTA(D23:H23) -> 0
C24: L'interprétation des résultats est pertinent | I24: =(IF(O24<>1,"◄","")) -> ◄ | J24: 1 | L24: =IF(D24<>"",0,J24) -> 1 | M24: =(IF(F24<>"",1/3,0)+IF(G24<>"",2/3,0)+IF(H24<>"",1,0))*J$17*20*L24/SUM(L$18:L$29) -> 0 | O24: =COUNTA(D24:H24) -> 0
C25: Les résultats de la simulation et les mesures sont corrélés (validation des modèles) | I25: =(IF(O25<>1,"◄","")) -> ◄ | J25: 1 | L25: =IF(D25<>"",0,J25) -> 1 | M25: =(IF(F25<>"",1/3,0)+IF(G25<>"",2/3,0)+IF(H25<>"",1,0))*J$17*20*L25/SUM(L$18:L$29) -> 0 | O25: =COUNTA(D25:H25) -> 0
A26: C08.3 | B26: Analyser / valider les choix structurels et de confort | C26: Une démarche d'analyse de la structure est mise en œuvre | I26: =(IF(O26<>1,"◄","")) -> ◄ | J26: 1 | K26: =SUM(M26:M29) -> 0 | L26: =IF(D26<>"",0,J26) -> 1 | M26: =(IF(F26<>"",1/3,0)+IF(G26<>"",2/3,0)+IF(H26<>"",1,0))*J$17*20*L26/SUM(L$18:L$29) -> 0 | O26: =COUNTA(D26:H26) -> 0
C27: Les écarts entre les performances attendues et celles consécutives aux choix faits sont établis | I27: =(IF(O27<>1,"◄","")) -> ◄ | J27: 1 | L27: =IF(D27<>"",0,J27) -> 1 | M27: =(IF(F27<>"",1/3,0)+IF(G27<>"",2/3,0)+IF(H27<>"",1,0))*J$17*20*L27/SUM(L$18:L$29) -> 0 | O27: =COUNTA(D27:H27) -> 0
C28: Les contraintes de normes, propriété industrielle, brevets sont identifiées | I28: =(IF(O28<>1,"◄","")) -> ◄ | J28: 1 | L28: =IF(D28<>"",0,J28) -> 1 | M28: =(IF(F28<>"",1/3,0)+IF(G28<>"",2/3,0)+IF(H28<>"",1,0))*J$17*20*L28/SUM(L$18:L$29) -> 0 | O28: =COUNTA(D28:H28) -> 0
C29: Les impacts environnementaux sont identifiés, des solutions de limitation sont proposées | I29: =(IF(O29<>1,"◄","")) -> ◄ | J29: 1 | L29: =IF(D29<>"",0,J29) -> 1 | M29: =(IF(F29<>"",1/3,0)+IF(G29<>"",2/3,0)+IF(H29<>"",1,0))*J$17*20*L29/SUM(L$18:L$29) -> 0 | O29: =COUNTA(D29:H29) -> 0
A30: O9 – Gérer la vie du produit | J30: 0.2 | K30: =SUM(K31:K38) -> 0 | L30: =SUM(L31:L38) -> 8 | M30: =SUM(M31:M38) -> 0
A31: CO9.1 | B31: Améliorer les performances d'une construction du point de vue énergétique, domotique et informationnel | C31: Un bilan des performances de la construction existante est établi | I31: =(IF(O31<>1,"◄","")) -> ◄ | J31: 1 | K31: =SUM(M31:M34) -> 0 | L31: =IF(D31<>"",0,J31) -> 1 | M31: =(IF(F31<>"",1/3,0)+IF(G31<>"",2/3,0)+IF(H31<>"",1,0))*J$30*20*L31/SUM(L$31:L$38) -> 0 | O31: =COUNTA(D31:H31) -> 0
C32: Les besoins de l'usager sont traduits en solutions technologiques | I32: =(IF(O32<>1,"◄","")) -> ◄ | J32: 1 | L32: =IF(D32<>"",0,J32) -> 1 | M32: =(IF(F32<>"",1/3,0)+IF(G32<>"",2/3,0)+IF(H32<>"",1,0))*J$30*20*L32/SUM(L$31:L$38) -> 0 | O32: =COUNTA(D32:H32) -> 0
C33: Une réalisation permet de constater les améliorations attendues | I33: =(IF(O33<>1,"◄","")) -> ◄ | J33: 1 | L33: =IF(D33<>"",0,J33) -> 1 | M33: =(IF(F33<>"",1/3,0)+IF(G33<>"",2/3,0)+IF(H33<>"",1,0))*J$30*20*L33/SUM(L$31:L$38) -> 0 | O33: =COUNTA(D33:H33) -> 0
C34: L'adaptabilité de la construction rénovée est prise en compte | I34: =(IF(O34<>1,"◄","")) -> ◄ | J34: 1 | L34: =IF(D34<>"",0,J34) -> 1 | M34: =(IF(F34<>"",1/3,0)+IF(G34<>"",2/3,0)+IF(H34<>"",1,0))*J$30*20*L34/SUM(L$31:L$38) -> 0 | O34: =COUNTA(D34:H34) -> 0
A35: CO9.2 | B35: Identifier les causes de désordres dans une construction | C35: Une démarche pertinente d'investigation est réalisée pour identifier les désordres et leurs causes | I35: =(IF(O35<>1,"◄","")) -> ◄ | J35: 1 | K35: =SUM(M35:M36) -> 0 | L35: =IF(D35<>"",0,J35) -> 1 | M35: =(IF(F35<>"",1/3,0)+IF(G35<>"",2/3,0)+IF(H35<>"",1,0))*J$30*20*L35/SUM(L$31:L$38) -> 0 | O35: =COUNTA(D35:H35) -> 0
C36: Des solutions de remédiations sont envisagées | I36: =(IF(O36<>1,"◄","")) -> ◄ | J36: 1 | L36: =IF(D36<>"",0,J36) -> 1 | M36: =(IF(F36<>"",1/3,0)+IF(G36<>"",2/3,0)+IF(H36<>"",1,0))*J$30*20*L36/SUM(L$31:L$38) -> 0 | O36: =COUNTA(D36:H36) -> 0
A37: CO9.3 | B37: Valoriser la fin de vie du produit: déconstruction, gestion des déchets, valorisation des produits | C37: Une analyse de cycle de vie de tout ou partie d'une construction est menée | I37: =(IF(O37<>1,"◄","")) -> ◄ | J37: 1 | K37: =SUM(M37:M38) -> 0 | L37: =IF(D37<>"",0,J37) -> 1 | M37: =(IF(F37<>"",1/3,0)+IF(G37<>"",2/3,0)+IF(H37<>"",1,0))*J$30*20*L37/SUM(L$31:L$38) -> 0 | O37: =COUNTA(D37:H37) -> 0
C38: Une procédure de valorisation des produits au sens DD est proposée | I38: =(IF(O38<>1,"◄","")) -> ◄ | J38: 1 | L38: =IF(D38<>"",0,J38) -> 1 | M38: =(IF(F38<>"",1/3,0)+IF(G38<>"",2/3,0)+IF(H38<>"",1,0))*J$30*20*L38/SUM(L$31:L$38) -> 0 | O38: =COUNTA(D38:H38) -> 0
C39: Taux TxO7 d'indicateurs évalués pour l'objectif O7 | E39: =L5/SUM(J6:J16) -> 1 | I39: =(IF(E39<0.5,"◄","")) | J39: =J5+J17+J30 -> 1 | O39: =SUM(O6:O38) -> 0
C40: Taux TxO8 d'indicateurs évalués pour l'objectif O8 | E40: =L17/SUM(J18:J29) -> 1 | I40: =(IF(E40<0.5,"◄",""))
C41: Taux TxO9 d'indicateurs évalués pour l'objectif O9 | E41: =L30/SUM(J31:J38) -> 1 | I41: =(IF(E41<0.5,"◄",""))
C42: Note brute (si un taux Tx d'indicateurs évalués par objectif est < 50%, ou si il y a une erreur, alors le calcul est refusé. Voir repères ◄ à droite de la grille) : | E42: =IF(OR(E39<0.5,E40<0.5,E41<0.5),"Tx<50",IF(O39<>31,"Erreur",(K5+K17+K30))) -> Erreur | G42: /20
C43: Note sur 20 proposée au jury* : | G43: /20
C44: Note x coefficient : | E44: =IF(V39<>0,"",E43*'[1]Identification projet'!B5) -> 0 | G44: =(20*'[1]Identification projet'!B5) -> 120
A45: * La note proposée, arrondie au demi point ou au point entier supérieur, est décidée par les évaluateurs à partir de la note brute
C46: =(IF(O39>31,"ATTENTION. Erreur de saisie : cocher une seule colonne par ligne ! Voir repères ◄ à droite de la grille.","")) | I46: á
A47: Appréciation globale
A50: Noms des Évaluateurs | C50: Signatures | E50: Date
E55: 41892 | I55: V2015

Sheet EVALUATION EE
A1: ='[2]Identification projet'!B2 -> Baccalauréat technologique "Sciences et Technologie de l'Industrie et du Développement Durable" | D1: ='[2]Identification projet'!B3 -> Energie et environnement | F1: ='[2]Identification projet'!B4 -> Projet technologique : conduite de projet
C2: Nom : | D2: =IF('CONTRAT PREV'!K3=1,IDENTIFICATION!C8,IF('CONTRAT PREV'!K3=2,IDENTIFICATION!C9,IF('CONTRAT PREV'!K3=3,IDENTIFICATION!C10,IF(G3=4,IDENTIFICATION!C11,IF('CONTRAT PREV'!K3=5,IDENTIFICATION!C12,""))))) -> AA
C3: Prénom : | D3: =IF('CONTRAT PREV'!K3=1,IDENTIFICATION!G8,IF('CONTRAT PREV'!K3=2,IDENTIFICATION!G9,IF('CONTRAT PREV'!K3=3,IDENTIFICATION!G10,IF(G3=4,IDENTIFICATION!G11,IF('CONTRAT PREV'!K3=5,IDENTIFICATION!G12,""))))) -> AAA | L3: Poids
A4: Compétences évaluées | C4: Indicateurs d'évaluation Évaluation | D4: non | E4: 0 | F4: 1/3 | G4: 2/3 | H4: 3/3 | J4: Poids | K4: Notes | L4: éval | M4: Note
A5: O7 - Imaginer une solution, répondre à un besoin | J5: 0.4 | K5: =SUM(K6:K16) -> 0 | L5: =SUM(L6:L16) -> 11 | M5: =SUM(M6:M16) -> 0
A6: CO7.1 | B6: Participer à une démarche de conception dans le but de proposer plusieurs solutions possibles à un problème technique identifié en lien avec un enjeu énergétique | C6: Le besoin relatif au projet et les fonctions sont identifiés et justifiés | I6: =(IF(O6<>1,"◄","")) -> ◄ | J6: 1 | K6: =SUM(M6:M9) -> 0 | L6: =IF(D6<>"",0,J6) -> 1 | M6: =(IF(F6<>"",1/3,0)+IF(G6<>"",2/3,0)+IF(H6<>"",1,0))*J$5*20*L6/SUM(L$6:L$16) -> 0 | O6: =COUNTA(D6:H6) -> 0
C7: Les critères du cahier des charges sont décodés et les principaux points de vigilance relatifs au projet sont identifiés | I7: =(IF(O7<>1,"◄","")) -> ◄ | J7: 1 | L7: =IF(D7<>"",0,J7) -> 1 | M7: =(IF(F7<>"",1/3,0)+IF(G7<>"",2/3,0)+IF(H7<>"",1,0))*J$5*20*L7/SUM(L$6:L$16) -> 0 | O7: =COUNTA(D7:H7) -> 0
C8: Les contraintes de normes, propriété industrielle, brevets sont identifiées | I8: =(IF(O8<>1,"◄","")) -> ◄ | J8: 1 | L8: =IF(D8<>"",0,J8) -> 1 | M8: =(IF(F8<>"",1/3,0)+IF(G8<>"",2/3,0)+IF(H8<>"",1,0))*J$5*20*L8/SUM(L$6:L$16) -> 0 | O8: =COUNTA(D8:H8) -> 0
C9: La démarche d'analyse du problème est pertinente | I9: =(IF(O9<>1,"◄","")) -> ◄ | J9: 1 | L9: =IF(D9<>"",0,J9) -> 1 | M9: =(IF(F9<>"",1/3,0)+IF(G9<>"",2/3,0)+IF(H9<>"",1,0))*J$5*20*L9/SUM(L$6:L$16) -> 0 | O9: =COUNTA(D9:H9) -> 0
A10: CO7.2 | B10: Justifier une solution retenue en intégrant les conséquences des choix sur le triptyque Matériau - Énergie - Information | C10: Les caractéristiques comportementales de la solution retenue répondent au cahier des charges | I10: =(IF(O10<>1,"◄","")) -> ◄ | J10: 1 | K10: =SUM(M10:M11) -> 0 | L10: =IF(D10<>"",0,J10) -> 1 | M10: =(IF(F10<>"",1/3,0)+IF(G10<>"",2/3,0)+IF(H10<>"",1,0))*J$5*20*L10/SUM(L$6:L$16) -> 0 | O10: =COUNTA(D10:H10) -> 0
C11: Les choix sont explicités et la solution justifiée en intégrant les conséquences sur le triptyque MEI | I11: =(IF(O11<>1,"◄","")) -> ◄ | J11: 1 | L11: =IF(D11<>"",0,J11) -> 1 | M11: =(IF(F11<>"",1/3,0)+IF(G11<>"",2/3,0)+IF(H11<>"",1,0))*J$5*20*L11/SUM(L$6:L$16) -> 0 | O11: =COUNTA(D11:H11) -> 0
A12: CO7.3 CO7.4 | B12: Définir la structure, la constitution d'un système en fonction des caractéristiques technico-économiques et environnementales attendues. Définir les modifications de la structure, les choix de constituants et du type de système de gestion d'une chaîne d'énergie afin de répondre à une évolution d'un cahier des charges | C12: Les croquis et schémas à main levée sont utilisés à bon escient | I12: =(IF(O12<>1,"◄","")) -> ◄ | J12: 1 | K12: =SUM(M12:M16) -> 0 | L12: =IF(D12<>"",0,J12) -> 1 | M12: =(IF(F12<>"",1/3,0)+IF(G12<>"",2/3,0)+IF(H12<>"",1,0))*J$5*20*L12/SUM(L$6:L$16) -> 0 | O12: =COUNTA(D12:H12) -> 0
C13: Les moyens numériques de description sont correctement utilisés | I13: =(IF(O13<>1,"◄","")) -> ◄ | J13: 1 | L13: =IF(D13<>"",0,J13) -> 1 | M13: =(IF(F13<>"",1/3,0)+IF(G13<>"",2/3,0)+IF(H13<>"",1,0))*J$5*20*L13/SUM(L$6:L$16) -> 0 | O13: =COUNTA(D13:H13) -> 0
C14: La solution choisie pour la gestion de l'énergie est pertinente et adaptée aux exigences | I14: =(IF(O14<>1,"◄","")) -> ◄ | J14: 1 | L14: =IF(D14<>"",0,J14) -> 1 | M14: =(IF(F14<>"",1/3,0)+IF(G14<>"",2/3,0)+IF(H14<>"",1,0))*J$5*20*L14/SUM(L$6:L$16) -> 0 | O14: =COUNTA(D14:H14) -> 0
C15: Les grandes étapes d'une démarche de créativité sont franchies de manière cohérente | I15: =(IF(O15<>1,"◄","")) -> ◄ | J15: 1 | L15: =IF(D15<>"",0,J15) -> 1 | M15: =(IF(F15<>"",1/3,0)+IF(G15<>"",2/3,0)+IF(H15<>"",1,0))*J$5*20*L15/SUM(L$6:L$16) -> 0 | O15: =COUNTA(D15:H15) -> 0
C16: La structure proposée et le choix des composants respectent les exigences | I16: =(IF(O16<>1,"◄","")) -> ◄ | J16: 1 | L16: =IF(D16<>"",0,J16) -> 1 | M16: =(IF(F16<>"",1/3,0)+IF(G16<>"",2/3,0)+IF(H16<>"",1,0))*J$5*20*L16/SUM(L$6:L$16) -> 0 | O16: =COUNTA(D16:H16) -> 0
A17: O8 – Valider des solutions techniques | J17: 0.4 | K17: =SUM(K18:K29) -> 0 | L17: =SUM(L18:L29) -> 12 | M17: =SUM(M18:M29) -> 0
A18: C08.1 | B18: Renseigner un logiciel de simulation du comportement énergétique avec les caractéristiques du système et les paramètres externes pour un point de fonctionnement donné | C18: Les variables et les paramètres du modèle sont identifiés | I18: =(IF(O18<>1,"◄","")) -> ◄ | J18: 1 | K18: =SUM(M18:M19) -> 0 | L18: =IF(D18<>"",0,J18) -> 1 | M18: =(IF(F18<>"",1/3,0)+IF(G18<>"",2/3,0)+IF(H18<>"",1,0))*J$17*20*L18/SUM(L$18:L$29) -> 0 | O18: =COUNTA(D18:H18) -> 0
C19: Leurs influences respectives sont identifiées | I19: =(IF(O19<>1,"◄","")) -> ◄ | J19: 1 | L19: =IF(D19<>"",0,J19) -> 1 | M19: =(IF(F19<>"",1/3,0)+IF(G19<>"",2/3,0)+IF(H19<>"",1,0))*J$17*20*L19/SUM(L$18:L$29) -> 0 | O19: =COUNTA(D19:H19) -> 0
A20: CO8.2 | B20: Interpréter les résultats d'une simulation afin de valider une solution ou l'optimiser | C20: Les scénarios de simulation sont identifiés | I20: =(IF(O20<>1,"◄","")) -> ◄ | J20: 1 | K20: =SUM(M20:M23) -> 0 | L20: =IF(D20<>"",0,J20) -> 1 | M20: =(IF(F20<>"",1/3,0)+IF(G20<>"",2/3,0)+IF(H20<>"",1,0))*J$17*20*L20/SUM(L$18:L$29) -> 0 | O20: =COUNTA(D20:H20) -> 0
C21: Les paramètres influents sont identifiés | I21: =(IF(O21<>1,"◄","")) -> ◄ | J21: 1 | L21: =IF(D21<>"",0,J21) -> 1 | M21: =(IF(F21<>"",1/3,0)+IF(G21<>"",2/3,0)+IF(H21<>"",1,0))*J$17*20*L21/SUM(L$18:L$29) -> 0 | O21: =COUNTA(D21:H21) -> 0
C22: L'interprétation des résultats de la simulation est pertinente | I22: =(IF(O22<>1,"◄","")) -> ◄ | J22: 1 | L22: =IF(D22<>"",0,J22) -> 1 | M22: =(IF(F22<>"",1/3,0)+IF(G22<>"",2/3,0)+IF(H22<>"",1,0))*J$17*20*L22/SUM(L$18:L$29) -> 0 | O22: =COUNTA(D22:H22) -> 0
C23: Les modifications proposées sont cohérentes | I23: =(IF(O23<>1,"◄","")) -> ◄ | J23: 1 | L23: =IF(D23<>"",0,J23) -> 1 | M23: =(IF(F23<>"",1/3,0)+IF(G23<>"",2/3,0)+IF(H23<>"",1,0))*J$17*20*L23/SUM(L$18:L$29) -> 0 | O23: =COUNTA(D23:H23) -> 0
A24: C08.3 | B24: Comparer et interpréter le résultat d'une simulation d'un comportement d'un système avec un comportement réel | C24: Les résultats de la simulation et les mesures sont corrélés | I24: =(IF(O24<>1,"◄","")) -> ◄ | J24: 1 | K24: =SUM(M24:M26) -> 0 | L24: =IF(D24<>"",0,J24) -> 1 | M24: =(IF(F24<>"",1/3,0)+IF(G24<>"",2/3,0)+IF(H24<>"",1,0))*J$17*20*L24/SUM(L$18:L$29) -> 0 | O24: =COUNTA(D24:H24) -> 0
C25: L'analyse des écarts est méthodique | I25: =(IF(O25<>1,"◄","")) -> ◄ | J25: 1 | L25: =IF(D25<>"",0,J25) -> 1 | M25: =(IF(F25<>"",1/3,0)+IF(G25<>"",2/3,0)+IF(H25<>"",1,0))*J$17*20*L25/SUM(L$18:L$29) -> 0 | O25: =COUNTA(D25:H25) -> 0
C26: L'interprétation des résultats est cohérente et pertinente | I26: =(IF(O26<>1,"◄","")) -> ◄ | J26: 1 | L26: =IF(D26<>"",0,J26) -> 1 | M26: =(IF(F26<>"",1/3,0)+IF(G26<>"",2/3,0)+IF(H26<>"",1,0))*J$17*20*L26/SUM(L$18:L$29) -> 0 | O26: =COUNTA(D26:H26) -> 0
A27: CO8.4 | B27: Mettre en œuvre un protocole d'essais et de mesures sur le prototype d'une chaîne d'énergie, interpréter les résultats | C27: le protocole d'essai est justifié et adapté à l'objectif | I27: =(IF(O27<>1,"◄","")) -> ◄ | J27: 1 | K27: =SUM(M27:M29) -> 0 | L27: =IF(D27<>"",0,J27) -> 1 | M27: =(IF(F27<>"",1/3,0)+IF(G27<>"",2/3,0)+IF(H27<>"",1,0))*J$17*20*L27/SUM(L$18:L$29) -> 0 | O27: =COUNTA(D27:H27) -> 0
C28: Les observations et mesures sont méthodiquement menés et les incertitudes de mesures estimées | I28: =(IF(O28<>1,"◄","")) -> ◄ | J28: 1 | L28: =IF(D28<>"",0,J28) -> 1 | M28: =(IF(F28<>"",1/3,0)+IF(G28<>"",2/3,0)+IF(H28<>"",1,0))*J$17*20*L28/SUM(L$18:L$29) -> 0 | O28: =COUNTA(D28:H28) -> 0
C29: L'interprétation des résultats est cohérente et pertinente | I29: =(IF(O29<>1,"◄","")) -> ◄ | J29: 1 | L29: =IF(D29<>"",0,J29) -> 1 | M29: =(IF(F29<>"",1/3,0)+IF(G29<>"",2/3,0)+IF(H29<>"",1,0))*J$17*20*L29/SUM(L$18:L$29) -> 0 | O29: =COUNTA(D29:H29) -> 0
A30: O9 – Gérer la vie du produit | J30: 0.2 | K30: =SUM(K31:K39) -> 0 | L30: =SUM(L31:L39) -> 9 | M30: =SUM(M31:M39) -> 0
A31: CO9.1 | B31: Expérimenter des procédés de stockage, de production, de transport, de transformation, d'énergie pour aider à la conception d'une chaîne d'énergie | C31: Les paramètres significatifs à observer sont identifiés | I31: =(IF(O31<>1,"◄","")) -> ◄ | J31: 1 | K31: =SUM(M31:M33) -> 0 | L31: =IF(D31<>"",0,J31) -> 1 | M31: =(IF(F31<>"",1/3,0)+IF(G31<>"",2/3,0)+IF(H31<>"",1,0))*J$30*20*L31/SUM(L$31:L$39) -> 0 | O31: =COUNTA(D31:H31) -> 0
C32: Le protocole d'expérimentation est adapté à l'objectif | I32: =(IF(O32<>1,"◄","")) -> ◄ | J32: 1 | L32: =IF(D32<>"",0,J32) -> 1 | M32: =(IF(F32<>"",1/3,0)+IF(G32<>"",2/3,0)+IF(H32<>"",1,0))*J$30*20*L32/SUM(L$31:L$39) -> 0 | O32: =COUNTA(D32:H32) -> 0
C33: Les caractéristiques principales et leurs conséquences constructives sont identifiées | I33: =(IF(O33<>1,"◄","")) -> ◄ | J33: 1 | L33: =IF(D33<>"",0,J33) -> 1 | M33: =(IF(F33<>"",1/3,0)+IF(G33<>"",2/3,0)+IF(H33<>"",1,0))*J$30*20*L33/SUM(L$31:L$39) -> 0 | O33: =COUNTA(D33:H33) -> 0
A34: CO9.2 | B34: Réaliser et valider un prototype obtenu en réponse à tout ou partie du cahier des charges initial | C34: Le prototype choisi et sa réalisation, respecte le diagramme des exigences | I34: =(IF(O34<>1,"◄","")) -> ◄ | J34: 1 | K34: =SUM(M34:M35) -> 0 | L34: =IF(D34<>"",0,J34) -> 1 | M34: =(IF(F34<>"",1/3,0)+IF(G34<>"",2/3,0)+IF(H34<>"",1,0))*J$30*20*L34/SUM(L$31:L$39) -> 0 | O34: =COUNTA(D34:H34) -> 0
C35: Les caractéristiques à valider sont identifiées et permettent de valider les exigences | I35: =(IF(O35<>1,"◄","")) -> ◄ | J35: 1 | L35: =IF(D35<>"",0,J35) -> 1 | M35: =(IF(F35<>"",1/3,0)+IF(G35<>"",2/3,0)+IF(H35<>"",1,0))*J$30*20*L35/SUM(L$31:L$39) -> 0 | O35: =COUNTA(D35:H35) -> 0
A36: CO9.3 | B36: Intégrer un prototype dans un système à modifier pour valider son comportement et ses performances | C36: Le prototype s'insère dans le système | I36: =(IF(O36<>1,"◄","")) -> ◄ | J36: 1 | K36: =SUM(M36:M39) -> 0 | L36: =IF(D36<>"",0,J36) -> 1 | M36: =(IF(F36<>"",1/3,0)+IF(G36<>"",2/3,0)+IF(H36<>"",1,0))*J$30*20*L36/SUM(L$31:L$39) -> 0 | O36: =COUNTA(D36:H36) -> 0
C37: Un protocole d'essai pertinent est défini | I37: =(IF(O37<>1,"◄","")) -> ◄ | J37: 1 | L37: =IF(D37<>"",0,J37) -> 1 | M37: =(IF(F37<>"",1/3,0)+IF(G37<>"",2/3,0)+IF(H37<>"",1,0))*J$30*20*L37/SUM(L$31:L$39) -> 0 | O37: =COUNTA(D37:H37) -> 0
C38: L'essai respecte le protocole et le comportement du système est relevé | I38: =(IF(O38<>1,"◄","")) -> ◄ | J38: 1 | L38: =IF(D38<>"",0,J38) -> 1 | M38: =(IF(F38<>"",1/3,0)+IF(G38<>"",2/3,0)+IF(H38<>"",1,0))*J$30*20*L38/SUM(L$31:L$39) -> 0 | O38: =COUNTA(D38:H38) -> 0
C39: Les mesures et leurs interprétations montrent des résultats cohérents | I39: =(IF(O39<>1,"◄","")) -> ◄ | J39: 1 | L39: =IF(D39<>"",0,J39) -> 1 | M39: =(IF(F39<>"",1/3,0)+IF(G39<>"",2/3,0)+IF(H39<>"",1,0))*J$30*20*L39/SUM(L$31:L$39) -> 0 | O39: =COUNTA(D39:H39) -> 0
C40: Taux TxO7 d'indicateurs évalués pour l'objectif O7 | E40: =L5/SUM(J6:J16) -> 1 | I40: =(IF(E40<0.5,"◄","")) | J40: =J5+J17+J30 -> 1 | O40: =SUM(O6:O39) -> 0
C41: Taux TxO8 d'indicateurs évalués pour l'objectif O8 | E41: =L17/SUM(J18:J29) -> 1 | I41: =(IF(E41<0.5,"◄",""))
C42: Taux TxO9 d'indicateurs évalués pour l'objectif O9 | E42: =L30/SUM(J31:J39) -> 1 | I42: =(IF(E42<0.5,"◄",""))
C43: Note brute (si un taux Tx d'indicateurs évalués par objectif est < 50%, ou si il y a une erreur, alors le calcul est refusé. Voir repères ◄ à droite de la grille) : | E43: =IF(OR(E40<0.5,E41<0.5,E42<0.5),"Tx<50",IF(O40<>32,"Erreur",(K5+K17+K30))) -> Erreur | G43: /20
C44: Note sur 20 proposée au jury* : | G44: /20
C45: Note x coefficient : | E45: =IF(V40<>0,"",E44*'[2]Identification projet'!B5) -> 0 | G45: =(20*'[2]Identification projet'!B5) -> 120
A46: * La note proposée, arrondie au demi point ou au point entier supérieur, est décidée par les évaluateurs à partir de la note brute
C47: =(IF(O40>32,"ATTENTION. Erreur de saisie : cocher une seule colonne par ligne ! Voir repères ◄ à droite de la grille.","")) | I47: á
A48: Appréciation globale
A51: Noms des Évaluateurs | C51: Signatures | E51: Date
E56: 41892 | I56: V11

Sheet EVALUATION  ITEC
A1: ='[3]Identification projet'!B2 -> Baccalauréat technologique "Sciences et Technologie de l'Industrie et du Développement Durable" | D1: ='[3]Identification projet'!B3 -> Innovation Technologique et Eco Conception | F1: ='[3]Identification projet'!B4 -> Projet technologique : conduite de projet
C2: Nom : | D2: =IF('CONTRAT PREV'!K3=1,IDENTIFICATION!C8,IF('CONTRAT PREV'!K3=2,IDENTIFICATION!C9,IF('CONTRAT PREV'!K3=3,IDENTIFICATION!C10,IF(G3=4,IDENTIFICATION!C11,IF('CONTRAT PREV'!K3=5,IDENTIFICATION!C12,""))))) -> AA
C3: Prénom : | D3: =IF('CONTRAT PREV'!K3=1,IDENTIFICATION!G8,IF('CONTRAT PREV'!K3=2,IDENTIFICATION!G9,IF('CONTRAT PREV'!K3=3,IDENTIFICATION!G10,IF(G3=4,IDENTIFICATION!G11,IF('CONTRAT PREV'!K3=5,IDENTIFICATION!G12,""))))) -> AAA | L3: Poids
A4: Compétences évaluées | C4: Indicateurs d'évaluation Évaluation | D4: non | E4: 0 | F4: 1/3 | G4: 2/3 | H4: 3/3 | J4: Poids | K4: Notes | L4: éval | M4: Note
A5: O7 - Imaginer une solution, répondre à un besoin | J5: 0.4 | K5: =SUM(K6:K17) -> 0 | L5: =SUM(L6:L17) -> 12 | M5: =SUM(M6:M17) -> 0
A6: CO7.1 | B6: Identifier et justifier un problème technique à partir de l’analyse globale d’un système (approche Matière - Ėnergie - Information) | C6: Le besoin relatif au projet et les fonctions sont identifiés et justifiés | I6: =(IF(O6<>1,"◄","")) -> ◄ | J6: 1 | K6: =SUM(M6:M8) -> 0 | L6: =IF(D6<>"",0,J6) -> 1 | M6: =(IF(F6<>"",1/3,0)+IF(G6<>"",2/3,0)+IF(H6<>"",1,0))*J$5*20*L6/SUM(L$6:L$17) -> 0 | O6: =COUNTA(D6:H6) -> 0
C7: Les critères du cahier des charges sont décodés et les principaux points de vigilance relatifs au projet sont identifiés | I7: =(IF(O7<>1,"◄","")) -> ◄ | J7: 1 | L7: =IF(D7<>"",0,J7) -> 1 | M7: =(IF(F7<>"",1/3,0)+IF(G7<>"",2/3,0)+IF(H7<>"",1,0))*J$5*20*L7/SUM(L$6:L$17) -> 0 | O7: =COUNTA(D7:H7) -> 0
C8: La démarche d'analyse du problème est pertinente | I8: =(IF(O8<>1,"◄","")) -> ◄ | J8: 1 | L8: =IF(D8<>"",0,J8) -> 1 | M8: =(IF(F8<>"",1/3,0)+IF(G8<>"",2/3,0)+IF(H8<>"",1,0))*J$5*20*L8/SUM(L$6:L$17) -> 0 | O8: =COUNTA(D8:H8) -> 0
A9: CO7.2 | B9: Proposer des solutions à un problème technique identifié en participant à des démarches de créativité, choisir et justifier la solution retenue | C9: Les grandes étapes d'une démarche de créativité sont franchies de manière cohérente | I9: =(IF(O9<>1,"◄","")) -> ◄ | J9: 1 | K9: =SUM(M9:M12) -> 0 | L9: =IF(D9<>"",0,J9) -> 1 | M9: =(IF(F9<>"",1/3,0)+IF(G9<>"",2/3,0)+IF(H9<>"",1,0))*J$5*20*L9/SUM(L$6:L$17) -> 0 | O9: =COUNTA(D9:H9) -> 0
C10: Les moyens conventionnels de représentation des solutions sont correctement utilisés (croquis, schémas, …) | I10: =(IF(O10<>1,"◄","")) -> ◄ | J10: 1 | L10: =IF(D10<>"",0,J10) -> 1 | M10: =(IF(F10<>"",1/3,0)+IF(G10<>"",2/3,0)+IF(H10<>"",1,0))*J$5*20*L10/SUM(L$6:L$17) -> 0 | O10: =COUNTA(D10:H10) -> 0
C11: Les contraintes de normes, propriété industrielle, brevets sont identifiées | I11: =(IF(O11<>1,"◄","")) -> ◄ | J11: 1 | L11: =IF(D11<>"",0,J11) -> 1 | M11: =(IF(F11<>"",1/3,0)+IF(G11<>"",2/3,0)+IF(H11<>"",1,0))*J$5*20*L11/SUM(L$6:L$17) -> 0 | O11: =COUNTA(D11:H11) -> 0
C12: Les choix sont explicités et la solution justifiée en regard des paramètres choisis | I12: =(IF(O12<>1,"◄","")) -> ◄ | J12: 1 | L12: =IF(D12<>"",0,J12) -> 1 | M12: =(IF(F12<>"",1/3,0)+IF(G12<>"",2/3,0)+IF(H12<>"",1,0))*J$5*20*L12/SUM(L$6:L$17) -> 0 | O12: =COUNTA(D12:H12) -> 0
A13: CO7.3 | B13: Définir, à l’aide d’un modeleur numérique, les formes et dimensions d'une pièce d'un mécanisme à partir des contraintes fonctionnelles, de son principe de réalisation et de son matériau | C13: La démarche de création est rationnelle | I13: =(IF(O13<>1,"◄","")) -> ◄ | J13: 1 | K13: =SUM(M13:M15) -> 0 | L13: =IF(D13<>"",0,J13) -> 1 | M13: =(IF(F13<>"",1/3,0)+IF(G13<>"",2/3,0)+IF(H13<>"",1,0))*J$5*20*L13/SUM(L$6:L$17) -> 0 | O13: =COUNTA(D13:H13) -> 0
C14: Les contraintes fonctionnelles sont traduites de manière complète | I14: =(IF(O14<>1,"◄","")) -> ◄ | J14: 1 | L14: =IF(D14<>"",0,J14) -> 1 | M14: =(IF(F14<>"",1/3,0)+IF(G14<>"",2/3,0)+IF(H14<>"",1,0))*J$5*20*L14/SUM(L$6:L$17) -> 0 | O14: =COUNTA(D14:H14) -> 0
C15: Les formes et dimensions sont compatibles avec le principe de réalisation, le matériau choisi et les contraintes subies | I15: =(IF(O15<>1,"◄","")) -> ◄ | J15: 1 | L15: =IF(D15<>"",0,J15) -> 1 | M15: =(IF(F15<>"",1/3,0)+IF(G15<>"",2/3,0)+IF(H15<>"",1,0))*J$5*20*L15/SUM(L$6:L$17) -> 0 | O15: =COUNTA(D15:H15) -> 0
A16: CO7.4 | B16: Définir, à l’aide d’un modeleur numérique, les modifications d'un mécanisme à partir des contraintes fonctionnelles | C16: Les modifications respectent les contraintes fonctionnelles | I16: =(IF(O16<>1,"◄","")) -> ◄ | J16: 1 | K16: =SUM(M16:M17) -> 0 | L16: =IF(D16<>"",0,J16) -> 1 | M16: =(IF(F16<>"",1/3,0)+IF(G16<>"",2/3,0)+IF(H16<>"",1,0))*J$5*20*L16/SUM(L$6:L$17) -> 0 | O16: =COUNTA(D16:H16) -> 0
C17: La procédure de modification est rationnelle | I17: =(IF(O17<>1,"◄","")) -> ◄ | J17: 1 | L17: =IF(D17<>"",0,J17) -> 1 | M17: =(IF(F17<>"",1/3,0)+IF(G17<>"",2/3,0)+IF(H17<>"",1,0))*J$5*20*L17/SUM(L$6:L$17) -> 0 | O17: =COUNTA(D17:H17) -> 0
A18: O8 – Valider des solutions techniques | J18: 0.4 | K18: =SUM(K19:K30) -> 0 | L18: =SUM(L19:L30) -> 12 | M18: =SUM(M19:M30) -> 0
A19: C08.1 | B19: Paramétrer un logiciel de simulation mécanique pour obtenir les caractéristiques d'une loi d'entrée/sortie d'un mécanisme simple | C19: Les variables et les paramètres du modèle sont identifiés | I19: =(IF(O19<>1,"◄","")) -> ◄ | J19: 1 | K19: =SUM(M19:M20) -> 0 | L19: =IF(D19<>"",0,J19) -> 1 | M19: =(IF(F19<>"",1/3,0)+IF(G19<>"",2/3,0)+IF(H19<>"",1,0))*J$18*20*L19/SUM(L$19:L$30) -> 0 | O19: =COUNTA(D19:H19) -> 0
C20: Leurs influences respectives sont identifiées | I20: =(IF(O20<>1,"◄","")) -> ◄ | J20: 1 | L20: =IF(D20<>"",0,J20) -> 1 | M20: =(IF(F20<>"",1/3,0)+IF(G20<>"",2/3,0)+IF(H20<>"",1,0))*J$18*20*L20/SUM(L$19:L$30) -> 0 | O20: =COUNTA(D20:H20) -> 0
A21: CO8.2 | B21: Interpréter les résultats d'une simulation mécanique pour valider une solution ou modifier une pièce ou un mécanisme | C21: Les scénarios de simulation sont identifiés | I21: =(IF(O21<>1,"◄","")) -> ◄ | J21: 1 | K21: =SUM(M21:M24) -> 0 | L21: =IF(D21<>"",0,J21) -> 1 | M21: =(IF(F21<>"",1/3,0)+IF(G21<>"",2/3,0)+IF(H21<>"",1,0))*J$18*20*L21/SUM(L$19:L$30) -> 0 | O21: =COUNTA(D21:H21) -> 0
C22: Les paramètres influents sont identifiés | I22: =(IF(O22<>1,"◄","")) -> ◄ | J22: 1 | L22: =IF(D22<>"",0,J22) -> 1 | M22: =(IF(F22<>"",1/3,0)+IF(G22<>"",2/3,0)+IF(H22<>"",1,0))*J$18*20*L22/SUM(L$19:L$30) -> 0 | O22: =COUNTA(D22:H22) -> 0
C23: L'interprétation des résultats de la simulation est pertinente | I23: =(IF(O23<>1,"◄","")) -> ◄ | J23: 1 | L23: =IF(D23<>"",0,J23) -> 1 | M23: =(IF(F23<>"",1/3,0)+IF(G23<>"",2/3,0)+IF(H23<>"",1,0))*J$18*20*L23/SUM(L$19:L$30) -> 0 | O23: =COUNTA(D23:H23) -> 0
C24: Les modifications proposées sont cohérentes | I24: =(IF(O24<>1,"◄","")) -> ◄ | J24: 1 | L24: =IF(D24<>"",0,J24) -> 1 | M24: =(IF(F24<>"",1/3,0)+IF(G24<>"",2/3,0)+IF(H24<>"",1,0))*J$18*20*L24/SUM(L$19:L$30) -> 0 | O24: =COUNTA(D24:H24) -> 0
A25: C08.3 | B25: Mettre en œuvre un protocole d’essais et de mesures, interpréter les résultats | C25: le protocole d'essai est justifié et adapté à l'objectif | I25: =(IF(O25<>1,"◄","")) -> ◄ | J25: 1 | K25: =SUM(M25:M27) -> 0 | L25: =IF(D25<>"",0,J25) -> 1 | M25: =(IF(F25<>"",1/3,0)+IF(G25<>"",2/3,0)+IF(H25<>"",1,0))*J$18*20*L25/SUM(L$19:L$30) -> 0 | O25: =COUNTA(D25:H25) -> 0
C26: Les observations et mesures sont méthodiquement menés et les incertitudes de mesures estimées | I26: =(IF(O26<>1,"◄","")) -> ◄ | J26: 1 | L26: =IF(D26<>"",0,J26) -> 1 | M26: =(IF(F26<>"",1/3,0)+IF(G26<>"",2/3,0)+IF(H26<>"",1,0))*J$18*20*L26/SUM(L$19:L$30) -> 0 | O26: =COUNTA(D26:H26) -> 0
C27: L'interprétation des résultats est cohérente et pertinente | I27: =(IF(O27<>1,"◄","")) -> ◄ | J27: 1 | L27: =IF(D27<>"",0,J27) -> 1 | M27: =(IF(F27<>"",1/3,0)+IF(G27<>"",2/3,0)+IF(H27<>"",1,0))*J$18*20*L27/SUM(L$19:L$30) -> 0 | O27: =COUNTA(D27:H27) -> 0
A28: CO8.4 | B28: Comparer et interpréter le résultat d'une simulation d'un comportement mécanique avec un comportement réel | C28: Les résultats de la simulation et les mesures sont corrélés | I28: =(IF(O28<>1,"◄","")) -> ◄ | J28: 1 | K28: =SUM(M28:M30) -> 0 | L28: =IF(D28<>"",0,J28) -> 1 | M28: =(IF(F28<>"",1/3,0)+IF(G28<>"",2/3,0)+IF(H28<>"",1,0))*J$18*20*L28/SUM(L$19:L$30) -> 0 | O28: =COUNTA(D28:H28) -> 0
C29: L'analyse des écarts est méthodique | I29: =(IF(O29<>1,"◄","")) -> ◄ | J29: 1 | L29: =IF(D29<>"",0,J29) -> 1 | M29: =(IF(F29<>"",1/3,0)+IF(G29<>"",2/3,0)+IF(H29<>"",1,0))*J$18*20*L29/SUM(L$19:L$30) -> 0 | O29: =COUNTA(D29:H29) -> 0
C30: L'interprétation des résultats est cohérente | I30: =(IF(O30<>1,"◄","")) -> ◄ | J30: 1 | L30: =IF(D30<>"",0,J30) -> 1 | M30: =(IF(F30<>"",1/3,0)+IF(G30<>"",2/3,0)+IF(H30<>"",1,0))*J$18*20*L30/SUM(L$19:L$30) -> 0 | O30: =COUNTA(D30:H30) -> 0
A31: O9 – Gérer la vie du produit | J31: 0.2 | K31: =SUM(K32:K40) -> 0 | L31: =SUM(L32:L40) -> 9 | M31: =SUM(M32:M40) -> 0
A32: CO9.1 | B32: Expérimenter des procédés pour caractériser les paramètres de transformation de la matière et leurs conséquences sur la définition et l’obtention de pièces | C32: Les paramètres significatifs à observer sont identifiés | I32: =(IF(O32<>1,"◄","")) -> ◄ | J32: 1 | K32: =SUM(M32:M33) -> 0 | L32: =IF(D32<>"",0,J32) -> 1 | M32: =(IF(F32<>"",1/3,0)+IF(G32<>"",2/3,0)+IF(H32<>"",1,0))*J$31*20*L32/SUM(L$32:L$40) -> 0 | O32: =COUNTA(D32:H32) -> 0
C33: Des conséquences pertinentes sont identifiées | I33: =(IF(O33<>1,"◄","")) -> ◄ | J33: 1 | L33: =IF(D33<>"",0,J33) -> 1 | M33: =(IF(F33<>"",1/3,0)+IF(G33<>"",2/3,0)+IF(H33<>"",1,0))*J$31*20*L33/SUM(L$32:L$40) -> 0 | O33: =COUNTA(D33:H33) -> 0
A34: CO9.2 | B34: Réaliser et valider un prototype obtenu par rapport à tout ou partie du cahier des charges initial | C34: Le moyen de prototypage retenu d'une pièce est adapté à la partie du CDC à respecter | I34: =(IF(O34<>1,"◄","")) -> ◄ | J34: 1 | K34: =SUM(M34:M36) -> 0 | L34: =IF(D34<>"",0,J34) -> 1 | M34: =(IF(F34<>"",1/3,0)+IF(G34<>"",2/3,0)+IF(H34<>"",1,0))*J$31*20*L34/SUM(L$32:L$40) -> 0 | O34: =COUNTA(D34:H34) -> 0
C35: Les caractéristiques à valider sont identifiées | I35: =(IF(O35<>1,"◄","")) -> ◄ | J35: 1 | L35: =IF(D35<>"",0,J35) -> 1 | M35: =(IF(F35<>"",1/3,0)+IF(G35<>"",2/3,0)+IF(H35<>"",1,0))*J$31*20*L35/SUM(L$32:L$40) -> 0 | O35: =COUNTA(D35:H35) -> 0
C36: La corrélation des caractéristiques permet de valider le prototype par rapport au cahier des charges | I36: =(IF(O36<>1,"◄","")) -> ◄ | J36: 1 | L36: =IF(D36<>"",0,J36) -> 1 | M36: =(IF(F36<>"",1/3,0)+IF(G36<>"",2/3,0)+IF(H36<>"",1,0))*J$31*20*L36/SUM(L$32:L$40) -> 0 | O36: =COUNTA(D36:H36) -> 0
A37: CO9.3 | B37: Intégrer les pièces prototypes dans le système à modifier pour valider son comportement et ses performances | C37: Les pièces prototypes s'insèrent dans le mécanisme | I37: =(IF(O37<>1,"◄","")) -> ◄ | J37: 1 | K37: =SUM(M37:M40) -> 0 | L37: =IF(D37<>"",0,J37) -> 1 | M37: =(IF(F37<>"",1/3,0)+IF(G37<>"",2/3,0)+IF(H37<>"",1,0))*J$31*20*L37/SUM(L$32:L$40) -> 0 | O37: =COUNTA(D37:H37) -> 0
C38: Une procédure d'essai pertinente est définie | I38: =(IF(O38<>1,"◄","")) -> ◄ | J38: 1 | L38: =IF(D38<>"",0,J38) -> 1 | M38: =(IF(F38<>"",1/3,0)+IF(G38<>"",2/3,0)+IF(H38<>"",1,0))*J$31*20*L38/SUM(L$32:L$40) -> 0 | O38: =COUNTA(D38:H38) -> 0
C39: L'essai est méthodiquement réalisé et le comportement du mécanisme relevé | I39: =(IF(O39<>1,"◄","")) -> ◄ | J39: 1 | L39: =IF(D39<>"",0,J39) -> 1 | M39: =(IF(F39<>"",1/3,0)+IF(G39<>"",2/3,0)+IF(H39<>"",1,0))*J$31*20*L39/SUM(L$32:L$40) -> 0 | O39: =COUNTA(D39:H39) -> 0
C40: L'interprétation des résultats est cohérente | I40: =(IF(O40<>1,"◄","")) -> ◄ | J40: 1 | L40: =IF(D40<>"",0,J40) -> 1 | M40: =(IF(F40<>"",1/3,0)+IF(G40<>"",2/3,0)+IF(H40<>"",1,0))*J$31*20*L40/SUM(L$32:L$40) -> 0 | O40: =COUNTA(D40:H40) -> 0
C41: Taux TxO7 d'indicateurs évalués pour l'objectif O7 | E41: =L5/SUM(J6:J17) -> 1 | I41: =(IF(E41<0.5,"◄","")) | J41: =J5+J18+J31 -> 1 | O41: =SUM(O6:O40) -> 0
C42: Taux TxO8 d'indicateurs évalués pour l'objectif O8 | E42: =L18/SUM(J19:J30) -> 1 | I42: =(IF(E42<0.5,"◄",""))
C43: Taux TxO9 d'indicateurs évalués pour l'objectif O9 | E43: =L31/SUM(J32:J40) -> 1 | I43: =(IF(E43<0.5,"◄",""))
C44: Note brute (si un taux Tx d'indicateurs évalués par objectif est < 50%, ou si il y a une erreur, alors le calcul est refusé. Voir repères ◄ à droite de la grille) : | E44: =IF(OR(E41<0.5,E42<0.5,E43<0.5),"Tx<50",IF(O41<>33,"Erreur",(K5+K18+K31))) -> Erreur | G44: /20
C45: Note sur 20 proposée au jury* : | G45: /20
C46: Note x coefficient : | E46: =IF(V41<>0,"",E45*'[3]Identification projet'!B5) -> 0 | G46: =(20*'[3]Identification projet'!B5) -> 120
A47: * La note proposée, arrondie au demi point ou au point entier supérieur, est décidée par les évaluateurs à partir de la note brute
C48: =(IF(O41>33,"ATTENTION. Erreur de saisie : cocher une seule colonne par ligne ! Voir repères ◄ à droite de la grille.","")) | I48: á
A49: Appréciation globale
A52: Noms des Évaluateurs | C52: Signatures | E52: Date
E57: 41892 | I57: V11

Sheet EVALUATION  SIN
A1: ='[4]Identification projet'!B2 -> Baccalauréat technologique "Sciences et Technologie de l'Industrie et du Développement Durable" | D1: ='[4]Identification projet'!B3 -> Systèmes d'information et numérique | F1: ='[4]Identification projet'!B4 -> Projet technologique : conduite de projet
C2: Nom : | D2: =IF('CONTRAT PREV'!K3=1,IDENTIFICATION!C8,IF('CONTRAT PREV'!K3=2,IDENTIFICATION!C9,IF('CONTRAT PREV'!K3=3,IDENTIFICATION!C10,IF(G3=4,IDENTIFICATION!C11,IF('CONTRAT PREV'!K3=5,IDENTIFICATION!C12,""))))) -> AA
C3: Prénom : | D3: =IF('CONTRAT PREV'!K3=1,IDENTIFICATION!G8,IF('CONTRAT PREV'!K3=2,IDENTIFICATION!G9,IF('CONTRAT PREV'!K3=3,IDENTIFICATION!G10,IF(G3=4,IDENTIFICATION!G11,IF('CONTRAT PREV'!K3=5,IDENTIFICATION!G12,""))))) -> AAA | L3: Poids
A4: Compétences évaluées | C4: Indicateurs d'évaluation Évaluation | D4: non | E4: 0 | F4: 1/3 | G4: 2/3 | H4: 3/3 | J4: Poids | K4: Notes | L4: éval | M4: Note
A5: O7 - Imaginer une solution, répondre à un besoin | J5: 0.4 | K5: =SUM(K6:K15) -> 0 | L5: =SUM(L6:L15) -> 10 | M5: =SUM(M6:M15) -> 0
A6: CO7.1 | B6: Décoder la notice technique d’un système, vérifier la conformité du fonctionnement | C6: L'interprétation de la notice du système permet de décrire une procédure | I6: =(IF(O6<>1,"◄","")) -> ◄ | J6: 1 | K6: =SUM(M6:M9) -> 0 | L6: =IF(D6<>"",0,J6) -> 1 | M6: =(IF(F6<>"",1/3,0)+IF(G6<>"",2/3,0)+IF(H6<>"",1,0))*J$5*20*L6/SUM(L$6:L$15) -> 0 | O6: =COUNTA(D6:H6) -> 0
C7: Le système est installé et paramétré | I7: =(IF(O7<>1,"◄","")) -> ◄ | J7: 1 | L7: =IF(D7<>"",0,J7) -> 1 | M7: =(IF(F7<>"",1/3,0)+IF(G7<>"",2/3,0)+IF(H7<>"",1,0))*J$5*20*L7/SUM(L$6:L$15) -> 0 | O7: =COUNTA(D7:H7) -> 0
C8: Les mesures sont effectuées et comparées aux caractéristiques de la notice technique | I8: =(IF(O8<>1,"◄","")) -> ◄ | J8: 1 | L8: =IF(D8<>"",0,J8) -> 1 | M8: =(IF(F8<>"",1/3,0)+IF(G8<>"",2/3,0)+IF(H8<>"",1,0))*J$5*20*L8/SUM(L$6:L$15) -> 0 | O8: =COUNTA(D8:H8) -> 0
C9: Un rapport de mise en œuvre et d'essais est rédigé | I9: =(IF(O9<>1,"◄","")) -> ◄ | J9: 1 | L9: =IF(D9<>"",0,J9) -> 1 | M9: =(IF(F9<>"",1/3,0)+IF(G9<>"",2/3,0)+IF(H9<>"",1,0))*J$5*20*L9/SUM(L$6:L$15) -> 0 | O9: =COUNTA(D9:H9) -> 0
A10: CO7.2 | B10: Décoder le cahier des charges fonctionnel décrivant le besoin exprimé, identifier la fonction définie par un besoin exprimé, faire des mesures pour caractériser cette fonction et conclure sur sa conformité | C10: Les diagrammes Sysml utilisés sont bien interprétés | I10: =(IF(O10<>1,"◄","")) -> ◄ | J10: 1 | K10: =SUM(M10:M12) -> 0 | L10: =IF(D10<>"",0,J10) -> 1 | M10: =(IF(F10<>"",1/3,0)+IF(G10<>"",2/3,0)+IF(H10<>"",1,0))*J$5*20*L10/SUM(L$6:L$15) -> 0 | O10: =COUNTA(D10:H10) -> 0
C11: Une procédure pertinente est proposée et mise en œuvre | I11: =(IF(O11<>1,"◄","")) -> ◄ | J11: 1 | L11: =IF(D11<>"",0,J11) -> 1 | M11: =(IF(F11<>"",1/3,0)+IF(G11<>"",2/3,0)+IF(H11<>"",1,0))*J$5*20*L11/SUM(L$6:L$15) -> 0 | O11: =COUNTA(D11:H11) -> 0
C12: Un rapport de conformité est rédigé | I12: =(IF(O12<>1,"◄","")) -> ◄ | J12: 1 | L12: =IF(D12<>"",0,J12) -> 1 | M12: =(IF(F12<>"",1/3,0)+IF(G12<>"",2/3,0)+IF(H12<>"",1,0))*J$5*20*L12/SUM(L$6:L$15) -> 0 | O12: =COUNTA(D12:H12) -> 0
A13: CO7.3 | B13: Exprimer le principe de fonctionnement d'un système à partir des diagrammes SysML pertinents. Repérer les constituants de la chaîne d'énergie et d'information | C13: Le système est modélisé à l'aide de diagrammes conformes | I13: =(IF(O13<>1,"◄","")) -> ◄ | J13: 1 | K13: =SUM(M13:M15) -> 0 | L13: =IF(D13<>"",0,J13) -> 1 | M13: =(IF(F13<>"",1/3,0)+IF(G13<>"",2/3,0)+IF(H13<>"",1,0))*J$5*20*L13/SUM(L$6:L$15) -> 0 | O13: =COUNTA(D13:H13) -> 0
C14: Les diagrammes comportementaux permettant d'exprimer le principe de fonctionnement sont correctement utilisés | I14: =(IF(O14<>1,"◄","")) -> ◄ | J14: 1 | L14: =IF(D14<>"",0,J14) -> 1 | M14: =(IF(F14<>"",1/3,0)+IF(G14<>"",2/3,0)+IF(H14<>"",1,0))*J$5*20*L14/SUM(L$6:L$15) -> 0 | O14: =COUNTA(D14:H14) -> 0
C15: Les constituants sont identifiés | I15: =(IF(O15<>1,"◄","")) -> ◄ | J15: 1 | L15: =IF(D15<>"",0,J15) -> 1 | M15: =(IF(F15<>"",1/3,0)+IF(G15<>"",2/3,0)+IF(H15<>"",1,0))*J$5*20*L15/SUM(L$6:L$15) -> 0 | O15: =COUNTA(D15:H15) -> 0
A16: O8 – Valider des solutions techniques | J16: 0.4 | K16: =SUM(K17:K28) -> 0 | L16: =SUM(L17:L28) -> 12 | M16: =SUM(M17:M28) -> 0
A17: C08.1 | B17: Rechercher et choisir une solution logicielle ou matérielle au regard de la définition d'un système | C17: La définition du système est exprimée correctement | I17: =(IF(O17<>1,"◄","")) -> ◄ | J17: 1 | K17: =SUM(M17:M19) -> 0 | L17: =IF(D17<>"",0,J17) -> 1 | M17: =(IF(F17<>"",1/3,0)+IF(G17<>"",2/3,0)+IF(H17<>"",1,0))*J$16*20*L17/SUM(L$17:L$28) -> 0 | O17: =COUNTA(D17:H17) -> 0
C18: Une liste non exhaustive de solutions pertinentes est établie | I18: =(IF(O18<>1,"◄","")) -> ◄ | J18: 1 | L18: =IF(D18<>"",0,J18) -> 1 | M18: =(IF(F18<>"",1/3,0)+IF(G18<>"",2/3,0)+IF(H18<>"",1,0))*J$16*20*L18/SUM(L$17:L$28) -> 0 | O18: =COUNTA(D18:H18) -> 0
C19: Le choix de la solution est argumenté | I19: =(IF(O19<>1,"◄","")) -> ◄ | J19: 1 | L19: =IF(D19<>"",0,J19) -> 1 | M19: =(IF(F19<>"",1/3,0)+IF(G19<>"",2/3,0)+IF(H19<>"",1,0))*J$16*20*L19/SUM(L$17:L$28) -> 0 | O19: =COUNTA(D19:H19) -> 0
A20: CO8.2 | B20: Établir pour une fonction précédemment identifiée, un modèle de comportement à partir de mesures faites sur le système | C20: Les mesures nécessaires sont effectuées | I20: =(IF(O20<>1,"◄","")) -> ◄ | J20: 1 | K20: =SUM(M20:M22) -> 0 | L20: =IF(D20<>"",0,J20) -> 1 | M20: =(IF(F20<>"",1/3,0)+IF(G20<>"",2/3,0)+IF(H20<>"",1,0))*J$16*20*L20/SUM(L$17:L$28) -> 0 | O20: =COUNTA(D20:H20) -> 0
C21: Un modèle de comportement pertinent est établi | I21: =(IF(O21<>1,"◄","")) -> ◄ | J21: 1 | L21: =IF(D21<>"",0,J21) -> 1 | M21: =(IF(F21<>"",1/3,0)+IF(G21<>"",2/3,0)+IF(H21<>"",1,0))*J$16*20*L21/SUM(L$17:L$28) -> 0 | O21: =COUNTA(D21:H21) -> 0
C22: Les paramètres du modèle sont renseignés pour limiter les écarts avec les mesures | I22: =(IF(O22<>1,"◄","")) -> ◄ | J22: 1 | L22: =IF(D22<>"",0,J22) -> 1 | M22: =(IF(F22<>"",1/3,0)+IF(G22<>"",2/3,0)+IF(H22<>"",1,0))*J$16*20*L22/SUM(L$17:L$28) -> 0 | O22: =COUNTA(D22:H22) -> 0
A23: C08.3 | B23: Traduire sous forme graphique l'architecture de la chaîne d'information identifiée pour un système et définir les paramètres d'utilisation du simulateur | C23: La chaîne d'information est modélisée par des diagrammes adaptés (SysML) | I23: =(IF(O23<>1,"◄","")) -> ◄ | J23: 1 | K23: =SUM(M23:M24) -> 0 | L23: =IF(D23<>"",0,J23) -> 1 | M23: =(IF(F23<>"",1/3,0)+IF(G23<>"",2/3,0)+IF(H23<>"",1,0))*J$16*20*L23/SUM(L$17:L$28) -> 0 | O23: =COUNTA(D23:H23) -> 0
C24: Le diagramme états transitions est programmé | I24: =(IF(O24<>1,"◄","")) -> ◄ | J24: 1 | L24: =IF(D24<>"",0,J24) -> 1 | M24: =(IF(F24<>"",1/3,0)+IF(G24<>"",2/3,0)+IF(H24<>"",1,0))*J$16*20*L24/SUM(L$17:L$28) -> 0 | O24: =COUNTA(D24:H24) -> 0
A25: CO8.4 | B25: Identifier les variables simulées et mesurées sur un système pour valider le choix d'une solution | C25: Les variables caractéristiques du système simulé sont identifiées | I25: =(IF(O25<>1,"◄","")) -> ◄ | J25: 1 | K25: =SUM(M25:M28) -> 0 | L25: =IF(D25<>"",0,J25) -> 1 | M25: =(IF(F25<>"",1/3,0)+IF(G25<>"",2/3,0)+IF(H25<>"",1,0))*J$16*20*L25/SUM(L$17:L$28) -> 0 | O25: =COUNTA(D25:H25) -> 0
C26: Les variables caractéristiques du système réel sont mesurables | I26: =(IF(O26<>1,"◄","")) -> ◄ | J26: 1 | L26: =IF(D26<>"",0,J26) -> 1 | M26: =(IF(F26<>"",1/3,0)+IF(G26<>"",2/3,0)+IF(H26<>"",1,0))*J$16*20*L26/SUM(L$17:L$28) -> 0 | O26: =COUNTA(D26:H26) -> 0
C27: Les paramètres du système simulé sont affinés pour réduire les écarts avec le système réel | I27: =(IF(O27<>1,"◄","")) -> ◄ | J27: 1 | L27: =IF(D27<>"",0,J27) -> 1 | M27: =(IF(F27<>"",1/3,0)+IF(G27<>"",2/3,0)+IF(H27<>"",1,0))*J$16*20*L27/SUM(L$17:L$28) -> 0 | O27: =COUNTA(D27:H27) -> 0
C28: Les conditions de simulation sont argumentées pour valider le choix d'une solution | I28: =(IF(O28<>1,"◄","")) -> ◄ | J28: 1 | L28: =IF(D28<>"",0,J28) -> 1 | M28: =(IF(F28<>"",1/3,0)+IF(G28<>"",2/3,0)+IF(H28<>"",1,0))*J$16*20*L28/SUM(L$17:L$28) -> 0 | O28: =COUNTA(D28:H28) -> 0
A29: O9 – Gérer la vie du produit | J29: 0.2 | K29: =SUM(K30:K43) -> 0 | L29: =SUM(L30:L43) -> 14 | M29: =SUM(M30:M43) -> 0
A30: CO9.1 | B30: Utiliser les outils adaptés pour planifier un projet (diagramme de Gantt, chemin critique, données économiques, réunions de projet) | C30: Le cahier des charges fonctionnel est analysé et reformulé | I30: =(IF(O30<>1,"◄","")) -> ◄ | J30: 1 | K30: =SUM(M30:M32) -> 0 | L30: =IF(D30<>"",0,J30) -> 1 | M30: =(IF(F30<>"",1/3,0)+IF(G30<>"",2/3,0)+IF(H30<>"",1,0))*J$29*20*L30/SUM(L$30:L$43) -> 0 | O30: =COUNTA(D30:H30) -> 0
C31: Les données économiques sont identifiées | I31: =(IF(O31<>1,"◄","")) -> ◄ | J31: 1 | L31: =IF(D31<>"",0,J31) -> 1 | M31: =(IF(F31<>"",1/3,0)+IF(G31<>"",2/3,0)+IF(H31<>"",1,0))*J$29*20*L31/SUM(L$30:L$43) -> 0 | O31: =COUNTA(D31:H31) -> 0
C32: Les chemins critiques sont mis en évidence et les dates de réunions de projet sont fixées | I32: =(IF(O32<>1,"◄","")) -> ◄ | J32: 1 | L32: =IF(D32<>"",0,J32) -> 1 | M32: =(IF(F32<>"",1/3,0)+IF(G32<>"",2/3,0)+IF(H32<>"",1,0))*J$29*20*L32/SUM(L$30:L$43) -> 0 | O32: =COUNTA(D32:H32) -> 0
A33: CO9.2 | B33: Installer, configurer et instrumenter un système réel. Mettre en œuvre la chaîne d'acquisition puis acquérir, traiter, transmettre et restituer l'information | C33: La notice du système est correctement interprétée | I33: =(IF(O33<>1,"◄","")) -> ◄ | J33: 1 | K33: =SUM(M33:M37) -> 0 | L33: =IF(D33<>"",0,J33) -> 1 | M33: =(IF(F33<>"",1/3,0)+IF(G33<>"",2/3,0)+IF(H33<>"",1,0))*J$29*20*L33/SUM(L$30:L$43) -> 0 | O33: =COUNTA(D33:H33) -> 0
C34: Le système est installé et paramétré | I34: =(IF(O34<>1,"◄","")) -> ◄ | J34: 1 | L34: =IF(D34<>"",0,J34) -> 1 | M34: =(IF(F34<>"",1/3,0)+IF(G34<>"",2/3,0)+IF(H34<>"",1,0))*J$29*20*L34/SUM(L$30:L$43) -> 0 | O34: =COUNTA(D34:H34) -> 0
C35: Les grandeurs caractéristiques sont identifiées et les appareils de mesure sont adaptés | I35: =(IF(O35<>1,"◄","")) -> ◄ | J35: 1 | L35: =IF(D35<>"",0,J35) -> 1 | M35: =(IF(F35<>"",1/3,0)+IF(G35<>"",2/3,0)+IF(H35<>"",1,0))*J$29*20*L35/SUM(L$30:L$43) -> 0 | O35: =COUNTA(D35:H35) -> 0
C36: Les grandeurs sont acquises, traitées et transmises | I36: =(IF(O36<>1,"◄","")) -> ◄ | J36: 1 | L36: =IF(D36<>"",0,J36) -> 1 | M36: =(IF(F36<>"",1/3,0)+IF(G36<>"",2/3,0)+IF(H36<>"",1,0))*J$29*20*L36/SUM(L$30:L$43) -> 0 | O36: =COUNTA(D36:H36) -> 0
C37: Les contraintes temporelles et fréquentielles sont respectées, l'information est restituée | I37: =(IF(O37<>1,"◄","")) -> ◄ | J37: 1 | L37: =IF(D37<>"",0,J37) -> 1 | M37: =(IF(F37<>"",1/3,0)+IF(G37<>"",2/3,0)+IF(H37<>"",1,0))*J$29*20*L37/SUM(L$30:L$43) -> 0 | O37: =COUNTA(D37:H37) -> 0
A38: CO9.3 | B38: Rechercher des évolutions de constituants dans le cadre d'une démarche de veille technologique, analyser la structure d'un système pour intervenir sur les constituants dans le cadre d'une opération de maintenance | C38: Les procédures adaptées d'intervention sur les constituants sont proposées | I38: =(IF(O38<>1,"◄","")) -> ◄ | J38: 1 | K38: =SUM(M38:M40) -> 0 | L38: =IF(D38<>"",0,J38) -> 1 | M38: =(IF(F38<>"",1/3,0)+IF(G38<>"",2/3,0)+IF(H38<>"",1,0))*J$29*20*L38/SUM(L$30:L$43) -> 0 | O38: =COUNTA(D38:H38) -> 0
C39: L'intervention de maintenance sur le système est planifiée et la continuité de service assurée | I39: =(IF(O39<>1,"◄","")) -> ◄ | J39: 1 | L39: =IF(D39<>"",0,J39) -> 1 | M39: =(IF(F39<>"",1/3,0)+IF(G39<>"",2/3,0)+IF(H39<>"",1,0))*J$29*20*L39/SUM(L$30:L$43) -> 0 | O39: =COUNTA(D39:H39) -> 0
C40: Le rapport d'intervention est établi | I40: =(IF(O40<>1,"◄","")) -> ◄ | J40: 1 | L40: =IF(D40<>"",0,J40) -> 1 | M40: =(IF(F40<>"",1/3,0)+IF(G40<>"",2/3,0)+IF(H40<>"",1,0))*J$29*20*L40/SUM(L$30:L$43) -> 0 | O40: =COUNTA(D40:H40) -> 0
A41: CO9.4 | B41: Rechercher et choisir de nouveaux constituants d'un système (ou d'un projet finalisé) au regard d'évolutions technologiques, socio-économiques spécifiées dans un cahier des charges. Organiser le projet permettant de " maquetter " la solution choisie | C41: Les diagrammes comportementaux sont correctement mis à jour | I41: =(IF(O41<>1,"◄","")) -> ◄ | J41: 1 | K41: =SUM(M41:M43) -> 0 | L41: =IF(D41<>"",0,J41) -> 1 | M41: =(IF(F41<>"",1/3,0)+IF(G41<>"",2/3,0)+IF(H41<>"",1,0))*J$29*20*L41/SUM(L$30:L$43) -> 0 | O41: =COUNTA(D41:H41) -> 0
C42: Des constituants sont choisis et justifiés | I42: =(IF(O42<>1,"◄","")) -> ◄ | J42: 1 | L42: =IF(D42<>"",0,J42) -> 1 | M42: =(IF(F42<>"",1/3,0)+IF(G42<>"",2/3,0)+IF(H42<>"",1,0))*J$29*20*L42/SUM(L$30:L$43) -> 0 | O42: =COUNTA(D42:H42) -> 0
C43: Le prototypage rapide de la solution est organisée | I43: =(IF(O43<>1,"◄","")) -> ◄ | J43: 1 | L43: =IF(D43<>"",0,J43) -> 1 | M43: =(IF(F43<>"",1/3,0)+IF(G43<>"",2/3,0)+IF(H43<>"",1,0))*J$29*20*L43/SUM(L$30:L$43) -> 0 | O43: =COUNTA(D43:H43) -> 0
C44: Taux TxO7 d'indicateurs évalués pour l'objectif O7 | E44: =L5/SUM(J6:J15) -> 1 | I44: =(IF(E44<0.5,"◄","")) | J44: =J5+J16+J29 -> 1 | O44: =SUM(O6:O43) -> 0
C45: Taux TxO8 d'indicateurs évalués pour l'objectif O8 | E45: =L16/SUM(J17:J28) -> 1 | I45: =(IF(E45<0.5,"◄",""))
C46: Taux TxO9 d'indicateurs évalués pour l'objectif O9 | E46: =L29/SUM(J30:J43) -> 1 | I46: =(IF(E46<0.5,"◄",""))
C47: Note brute (si un taux Tx d'indicateurs évalués par objectif est < 50%, ou si il y a une erreur, alors le calcul est refusé. Voir repères ◄ à droite de la grille) : | E47: =IF(OR(E44<0.5,E45<0.5,E46<0.5),"Tx<50",IF(O44<>36,"Erreur",(K5+K16+K29))) -> Erreur | G47: /20
C48: Note sur 20 proposée au jury* : | G48: /20
C49: Note x coefficient : | E49: =IF(V44<>0,"",E48*'[4]Identification projet'!B5) -> 0 | G49: =(20*'[4]Identification projet'!B5) -> 120
A50: * La note proposée, arrondie au demi point ou au point entier supérieur, est décidée par les évaluateurs à partir de la note brute
C51: =(IF(O44>36,"ATTENTION. Erreur de saisie : cocher une seule colonne par ligne ! Voir repères ◄ à droite de la grille.","")) | I51: á
A52: Appréciation globale
A55: Noms des Évaluateurs | C55: Signatures | E55: Date
E60: 41892 | I60: V11

Sheet PRESENTATION DE PROJET
A1: Identifications
A2: Diplôme : | B2: Baccalauréat technologique "Sciences et Technologie Industrielles du Développement Durable"
A3: Option | B3: Toutes options
A4: Epreuve : | B4: Soutenance Projet
A5: Coefficient : | B5: 6
A6: Établissement : | B6: =IDENTIFICATION!D3 -> Paul Emile Victor - CHAMPAGNOLE
A7: Session : | B7: =IDENTIFICATION!N3 -> 2017
A8: Nom du candidat : | B8: =IF('CONTRAT PREV'!K3=1,IDENTIFICATION!C8,IF('CONTRAT PREV'!K3=2,IDENTIFICATION!C9,IF('CONTRAT PREV'!K3=3,IDENTIFICATION!C10,IF(G3=4,IDENTIFICATION!C11,IF('CONTRAT PREV'!K3=5,IDENTIFICATION!C12,""))))) -> AA
A9: Prénom du candidat : | B9: =IF('CONTRAT PREV'!K3=1,IDENTIFICATION!G8,IF('CONTRAT PREV'!K3=2,IDENTIFICATION!G9,IF('CONTRAT PREV'!K3=3,IDENTIFICATION!G10,IF(G3=4,IDENTIFICATION!G11,IF('CONTRAT PREV'!K3=5,IDENTIFICATION!G12,""))))) -> AAA
A10: Date de l'évaluation :
A11: Lieu de l'évaluation :
A12: Titre et description sommaire du projet
A13: ='NOTE DE CADRAGE'!A13:L18 -> Il s'agit de décrire le besoin sous la forme d'un court paragraphe afin d'expliciter de façon la plus exhaustive possible les enjeux, les relations, entre les contextes et les utilisateurs, les utilisations attendues, les performances souhaitées.
A14: Travail demandé au candidat
A15: CF CONTRAT INDIVIDUEL DU CANDIDAT
A23: Données fournies au candidat
A24: CF NOTE DE CADRAGE
A32: Résultats obtenus

Sheet EVALUATION PRESENTATION
A1: Baccalauréat technologique "Sciences et technologies de l'Industrie et du Développement Durable" | D1: Toutes options | F1: Présentation du projet | L1: Grille 2015
A2: Candidat : | J2: Poids de la compétence
A3: Compétences évaluées | C3: Indicateurs d'évaluation évaluation | E3: 0 | F3: 0.33333333 | G3: 0.66666667 | H3: 3/3 | J3: Poids du critère | L3: Note brute /20
A4: O1 - Caractériser des systèmes privilégiant un usage raisonné du point de vue développement durable | J4: 0.2 | L4: =SUM(L5:L7) -> 0
A5: CO1.1 | B5: Justifier les choix des matériaux, des structures du système et les énergies mises en œuvre dans une approche de développement durable | C5: Le choix des matériaux et/ou des matériels est justifié, des critères d'écoconception sont pris en compte | I5: =(IF(M5<>1,"◄","")) -> ◄ | J5: 1 | L5: =(IF(F5<>"",1/3,0)+IF(G5<>"",2/3,0)+IF(H5<>"",1,0))*J5*J$4*20/3 -> 0 | M5: =IF(E5<>"",1,0)+IF(F5<>"",1,0)+IF(G5<>"",1,0)+IF(H5<>"",1,0) -> 0
C6: La structure matérielle et/ou informationnelle est correctement justifiée | I6: =(IF(M6<>1,"◄","")) -> ◄ | J6: 1 | L6: =(IF(F6<>"",1/3,0)+IF(G6<>"",2/3,0)+IF(H6<>"",1,0))*J6*J$4*20/3 -> 0 | M6: =IF(D6="",IF(E6<>"",1,0)+IF(F6<>"",1,0)+IF(G6<>"",1,0)+IF(H6<>"",1,0),0) -> 0
A7: CO1.2 | B7: Justifier le choix d’une solution selon des contraintes d’ergonomie et d’effets sur la santé de l’homme et du vivant | C7: La justification des paramètres de confort et/ou la réponse apportée par le système aux contraintes de préservation de la santé et du respect de la sécurité sont explicitées | I7: =(IF(M7<>1,"◄","")) -> ◄ | J7: 1 | L7: =(IF(F7<>"",1/3,0)+IF(G7<>"",2/3,0)+IF(H7<>"",1,0))*J7*J$4*20/3 -> 0 | M7: =IF(D7="",IF(E7<>"",1,0)+IF(F7<>"",1,0)+IF(G7<>"",1,0)+IF(H7<>"",1,0),0) -> 0
A8: O2 - Identifier les éléments permettant la limitation de l’Impact environnemental d’un système et de ses constituants | J8: 0.15 | L8: =SUM(L9:L13) -> 0
A9: CO2.1 | B9: Identifier les flux et la forme de l’énergie, caractériser ses transformations et/ou modulations | C9: Les flux et la forme de l'énergie et/ou de l'information sont décrits de façon qualitative | I9: =(IF(M9<>1,"◄","")) -> ◄ | J9: 1 | L9: =(IF(F9<>"",1/3,0)+IF(G9<>"",2/3,0)+IF(H9<>"",1,0))*J9*J$8*20/5 -> 0 | M9: =IF(D9="",IF(E9<>"",1,0)+IF(F9<>"",1,0)+IF(G9<>"",1,0)+IF(H9<>"",1,0),0) -> 0
C10: Les caractéristiques d'entrées sorties des transformations ou modulations sont correctement précisées | I10: =(IF(M10<>1,"◄","")) -> ◄ | J10: 1 | L10: =(IF(F10<>"",1/3,0)+IF(G10<>"",2/3,0)+IF(H10<>"",1,0))*J10*J$8*20/5 -> 0 | M10: =IF(D10="",IF(E10<>"",1,0)+IF(F10<>"",1,0)+IF(G10<>"",1,0)+IF(H10<>"",1,0),0) -> 0
C11: L'analyse globale d'une chaine (énergie, action, information) est correctement réalisée | I11: =(IF(M11<>1,"◄","")) -> ◄ | J11: 1 | L11: =(IF(F11<>"",1/3,0)+IF(G11<>"",2/3,0)+IF(H11<>"",1,0))*J11*J$8*20/5 -> 0 | M11: =IF(D11="",IF(E11<>"",1,0)+IF(F11<>"",1,0)+IF(G11<>"",1,0)+IF(H11<>"",1,0),0) -> 0
A12: C02.2 | B12: Justifier les solutions constructives d'un système au regard des impacts environnementaux et économiques engendrés tout au long de son cycle de vie | C12: La relation entre une fonction, des solutions et leur impact environnemental ou sociétal est précisée | I12: =(IF(M12<>1,"◄","")) -> ◄ | J12: 1 | L12: =(IF(F12<>"",1/3,0)+IF(G12<>"",2/3,0)+IF(H12<>"",1,0))*J12*J$8*20/5 -> 0 | M12: =IF(D12="",IF(E12<>"",1,0)+IF(F12<>"",1,0)+IF(G12<>"",1,0)+IF(H12<>"",1,0),0) -> 0
C13: Le compromis technico économique et/ou la prise en compte des normes et réglementations est expliqué | I13: =(IF(M13<>1,"◄","")) -> ◄ | J13: 1 | L13: =(IF(F13<>"",1/3,0)+IF(G13<>"",2/3,0)+IF(H13<>"",1,0))*J13*J$8*20/5 -> 0 | M13: =IF(D13="",IF(E13<>"",1,0)+IF(F13<>"",1,0)+IF(G13<>"",1,0)+IF(H13<>"",1,0),0) -> 0
A14: O6 - Communiquer une idée, un principe ou une solution technique, un projet | J14: 0.45 | L14: =SUM(L15:L18) -> 0
A15: CO6.1 | B15: Décrire une idée, un principe, une solution, un projet en utilisant des outils de représentation adaptés | C15: La description du principe ou de la solution est synthétique et correcte | I15: =(IF(M15<>1,"◄","")) -> ◄ | J15: 1 | L15: =(IF(F15<>"",1/3,0)+IF(G15<>"",2/3,0)+IF(H15<>"",1,0))*J15*J$14*20/4 -> 0 | M15: =IF(D15="",IF(E15<>"",1,0)+IF(F15<>"",1,0)+IF(G15<>"",1,0)+IF(H15<>"",1,0),0) -> 0
A16: CO6.2 | B16: Décrire le fonctionnement et/ou l’exploitation d’un système en utilisant l'outil de description le plus pertinent | C16: La description du fonctionnement ou de l'exploitation du système est synthétique et correcte | I16: =(IF(M16<>1,"◄","")) -> ◄ | J16: 1 | L16: =(IF(F16<>"",1/3,0)+IF(G16<>"",2/3,0)+IF(H16<>"",1,0))*J16*J$14*20/4 -> 0 | M16: =IF(D16="",IF(E16<>"",1,0)+IF(F16<>"",1,0)+IF(G16<>"",1,0)+IF(H16<>"",1,0),0) -> 0
A17: C06.3 | B17: Présenter et argumenter des démarches et des résultats | C17: Le choix de la démarche retenue est argumentée | I17: =(IF(M17<>1,"◄","")) -> ◄ | J17: 1 | L17: =(IF(F17<>"",1/3,0)+IF(G17<>"",2/3,0)+IF(H17<>"",1,0))*J17*J$14*20/4 -> 0 | M17: =IF(D17="",IF(E17<>"",1,0)+IF(F17<>"",1,0)+IF(G17<>"",1,0)+IF(H17<>"",1,0),0) -> 0
C18: Les résultats sont présentés et commentés de manière claire et concise | I18: =(IF(M18<>1,"◄","")) -> ◄ | J18: 1 | L18: =(IF(F18<>"",1/3,0)+IF(G18<>"",2/3,0)+IF(H18<>"",1,0))*J18*J$14*20/4 -> 0 | M18: =IF(D18="",IF(E18<>"",1,0)+IF(F18<>"",1,0)+IF(G18<>"",1,0)+IF(H18<>"",1,0),0) -> 0
A19: O8 -Valider des solutions techniques | J19: 0.2 | L19: =SUM(L20:L21) -> 0
A20: CO8.0 | B20: Justifier des éléments d'une solution technique et analyser les écarts par rapport au cahier des charges | C20: Les solutions techniques envisagées sont correctement analysées au regard des résultats d'expérimentations et/ou de tests et/ou de simulations | I20: =(IF(M20<>1,"◄","")) -> ◄ | J20: 2 | L20: =(IF(F20<>"",1/3,0)+IF(G20<>"",2/3,0)+IF(H20<>"",1,0))*J20*J$19*20/3 -> 0 | M20: =IF(D20="",IF(E20<>"",1,0)+IF(F20<>"",1,0)+IF(G20<>"",1,0)+IF(H20<>"",1,0),0) -> 0
C21: L'origine des écarts entre les résultats obtenus et les exigences du cahier des charges est correctement identifiée | I21: =(IF(M21<>1,"◄","")) -> ◄ | J21: 1 | L21: =(IF(F21<>"",1/3,0)+IF(G21<>"",2/3,0)+IF(H21<>"",1,0))*J21*J$19*20/3 -> 0 | M21: =IF(D21="",IF(E21<>"",1,0)+IF(F21<>"",1,0)+IF(G21<>"",1,0)+IF(H21<>"",1,0),0) -> 0
J22: =J4+J8+J19+J14 -> 1 | M22: =IF(SUM(M5:M21)<>14,0,1) -> 0
C23: Note brute obtenue par calcul automatique (tous les indicateurs doivent être renseignés) : | E23: =IF(M22<>1,"",L4+L8+L14+L19) | G23: /20
C24: Note sur 20 proposée au jury* : | G24: /20 | K24: NOM | L24: =IF('CONTRAT PREV'!K3=1,IDENTIFICATION!C8,IF('CONTRAT PREV'!K3=2,IDENTIFICATION!C9,IF('CONTRAT PREV'!K3=3,IDENTIFICATION!C10,IF(G3=4,IDENTIFICATION!C11,IF('CONTRAT PREV'!K3=5,IDENTIFICATION!C12,""))))) -> AA
C25: Note x coefficient : | E25: =E24*6 -> 0 | G25: =(20*[5]Identification!B5) -> 120 | K25: PRENOM | L25: =IF('CONTRAT PREV'!K3=1,IDENTIFICATION!G8,IF('CONTRAT PREV'!K3=2,IDENTIFICATION!G9,IF('CONTRAT PREV'!K3=3,IDENTIFICATION!G10,IF(G3=4,IDENTIFICATION!G11,IF('CONTRAT PREV'!K3=5,IDENTIFICATION!G12,""))))) -> AAA
A26: * La note est arrondie au demi-point ou, si les examinateurs le souhaitent, au point supérieur
A27: ATTENTION, si le symbole ◄ apparait dans cette colonne c'est qu'il y a soit plus d'une valeur donnée à l'indicateur, soit pas de valeur, il faut alors choisir laquelle retenir | I27: 
A28: Noms des Evaluateurs / Signatures | C28: Appréciation globale
K31: Date :

Sheet DATA
A1: CODE | B1: SPECIALITE | C1: OBJECTIFS | D1: COMPETENCES | E1: INTITULE
A2: =CONCATENATE(B2,"-",D2) -> AC-CO7.1 | B2: AC | C2: O7 - Imaginer une solution, répondre à un besoin | D2: CO7.1 | E2: Participer à une étude architecturale dans une démarche de développement durable
A3: =CONCATENATE(B3,"-",D3) -> AC-CO7.2 | B3: AC | C3: O7 - Imaginer une solution, répondre à un besoin | D3: CO7.2 | E3: Proposer / Choisir des solutions techniques répondant aux contraintes et attentes d'une construction
A4: =CONCATENATE(B4,"-",D4) -> AC-CO7.3 | B4: AC | C4: O7 - Imaginer une solution, répondre à un besoin | D4: CO7.3 | E4: Concevoir une organisation de réalisation
A5: =CONCATENATE(B5,"-",D5) -> AC-CO8.1 | B5: AC | C5: O8 – Valider des solutions techniques | D5: CO8.1 | E5: Simuler un comportement structurel, thermique et acoustique de tout ou partie d'une construction
A6: =CONCATENATE(B6,"-",D6) -> AC-CO8.2 | B6: AC | C6: O8 – Valider des solutions techniques | D6: CO8.2 | E6: Analyser les résultats issus de simulations ou d'essais de laboratoire
A7: =CONCATENATE(B7,"-",D7) -> AC-CO8.3 | B7: AC | C7: O8 – Valider des solutions techniques | D7: CO8.3 | E7: Analyser / valider les choix structurels et de confort
A8: =CONCATENATE(B8,"-",D8) -> AC-CO9.1 | B8: AC | C8: O9 – Gérer la vie du produit | D8: CO9.1 | E8: Améliorer les performances d'une construction du point de vue énergétique, domotique et informationnel
A9: =CONCATENATE(B9,"-",D9) -> AC-CO9.2 | B9: AC | C9: O9 – Gérer la vie du produit | D9: CO9.2 | E9: Identifier les causes de désordres dans une construction
A10: =CONCATENATE(B10,"-",D10) -> AC-CO9.3 | B10: AC | C10: O9 – Gérer la vie du produit | D10: CO9.3 | E10: Valoriser la fin de vie du produit: déconstruction, gestion des déchets, valorisation des produits
A11: =CONCATENATE(B11,"-",D11) -> EE-CO7.1 | B11: EE | C11: O7 - Imaginer une solution, répondre à un besoin | D11: CO7.1 | E11: Participer à une démarche de conception dans le but de proposer plusieurs solutions possibles à un problème technique identifié en lien avec un enjeu énergétique
A12: =CONCATENATE(B12,"-",D12) -> EE-CO7.2 | B12: EE | C12: O7 - Imaginer une solution, répondre à un besoin | D12: CO7.2 | E12: Justifier une solution retenue en intégrant les conséquences des choix sur le triptyque Matériau - Énergie - Information
A13: =CONCATENATE(B13,"-",D13) -> EE-CO7.3 CO7.4 | B13: EE | C13: O7 - Imaginer une solution, répondre à un besoin | D13: CO7.3 CO7.4 | E13: Définir la structure, la constitution d'un système en fonction des caractéristiques technico-économiques et environnementales attendues. Définir les modifications de la structure, les choix de constituants et du type de système de gestion d'une chaîne d'énergie afin de répondre à une évolution d'un cahier des charges
... A50: =CONCATENATE(B50,"-",D50) -> PR-CO8.0 | B50: PR | C50: O8 -Valider des solutions techniques | D50: CO8.0 | E50: Justifier des éléments d'une solution technique et analyser les écarts par rapport au cahier des charges
